[ AOE2 MATCH · #477924339 ]
UnrankedJapanese vs Spanish
[ REPLAY ANALYSIS · EXTRACTED FROM THE RECORDED GAME ]
Feudal
8:07
Castle
18:40
Imperial
31:26
| APM avg | 51.3 |
| APM peak | 99 |
| eAPM avg | 34.8 |
| Villagers / military | 203 / 2174 |
Focus
⚔️ 56.2% · 🌾 43.8%
Spearman ×1554 · Monk ×221 · Samurai ×172 · Trebuchet (Packed) ×114 · Trade Cart ×61 · Cavalry Archer ×47
Feudal
10:33
Castle
14:16
Imperial
31:11
| APM avg | 28.4 |
| APM peak | 57 |
| eAPM avg | 19.5 |
| Villagers / military | 159 / 1587 |
Focus
⚔️ 41.9% · 🌾 58.1%
War Elephant ×1076 · Knight ×490 · Trade Cart ×78 · Bombard Cannon ×17 · Monk ×3 · Mangonel ×1
Feudal
12:13
Castle
16:02
Imperial
37:23
| APM avg | 31.5 |
| APM peak | 74 |
| eAPM avg | 20.4 |
| Villagers / military | 165 / 3450 |
Focus
⚔️ 52.7% · 🌾 47.3%
Spearman ×1612 · Knight ×947 · Scout Cavalry ×808 · Conquistador ×72 · Trade Cart ×40 · Bombard Cannon ×9
Feudal
11:13
Castle
15:19
Imperial
29:50
| APM avg | 29.7 |
| APM peak | 52 |
| eAPM avg | 24.7 |
| Villagers / military | 186 / 2694 |
Focus
⚔️ 54.2% · 🌾 45.8%
Spearman ×2518 · Bombard Cannon ×159 · Trade Cart ×38 · Mangonel ×12 · Battering Ram ×3 · Militia ×1
Feudal
10:56
Castle
14:52
Imperial
29:36
| APM avg | 27.7 |
| APM peak | 62 |
| eAPM avg | 16.9 |
| Villagers / military | 263 / 958 |
Focus
⚔️ 32.2% · 🌾 67.8%
Bombard Cannon ×677 · Monk ×160 · Scorpion ×117 · Trade Cart ×96 · Battering Ram ×4
Feudal
10:01
Castle
13:19
Imperial
29:42
| APM avg | 38.6 |
| APM peak | 89 |
| eAPM avg | 30.3 |
| Villagers / military | 219 / 1478 |
Focus
⚔️ 55.6% · 🌾 44.4%
War Elephant ×1475 · Trade Cart ×100 · Petard ×2 · Trebuchet (Packed) ×1
Feudal
7:38
Castle
19:11
Imperial
31:33
| APM avg | 54.5 |
| APM peak | 88 |
| eAPM avg | 33.6 |
| Villagers / military | 167 / 1538 |
Focus
⚔️ 62.0% · 🌾 38.0%
Mangudai ×928 · Battering Ram ×403 · Mangonel ×198 · Trade Cart ×83 · Scout Cavalry ×6 · Trebuchet (Packed) ×3
Feudal
7:41
Castle
21:45
Imperial
32:02
| APM avg | 65.4 |
| APM peak | 125 |
| eAPM avg | 25.2 |
| Villagers / military | 266 / 1278 |
Focus
⚔️ 36.5% · 🌾 63.5%
Mangonel ×827 · Mangudai ×219 · Battering Ram ×214 · Trade Cart ×128 · Trebuchet (Packed) ×7 · Spearman ×6
Match map
Initial resources + every placement click. Lines = walls · curves = elevation contours. ◆ gold · ⬟ stone · ● berries · ✦ relic · ◌ wall gap
Your base· Open — opponent sealed themselves in
家豪豪's base· Open — opponent sealed themselves in
Bangputys's base· ✓ Closed at 16:02 · 0t walls · no gate
岁月淹及's base· Open — opponent sealed themselves in
Ainz_Own_Goal's base· ✓ Closed at 14:52 · 0t walls · no gate
Scogx's base· ✓ Closed at 13:19 · 1t walls · no gate
Snow_Boss's base· Open — opponent sealed themselves in
Sói's base· ✓ Closed at 21:45 · 63t walls · 1 gate(s)
Smoothed initial terrain · ◌ = detected wall gap · hover for details
Inputs per minute
— Nyanko - - 家豪豪
Build order — Nyanko
First 150 of 1975 actions detected
| 0:00 | Create | Villager (Male) |
| 0:01 | Create | Villager (Male) |
| 0:01 | Create | Villager (Male) |
| 0:01 | Create | Villager (Male) |
| 0:02 | Build | House |
| 0:03 | Build | House |
| 1:26 | Create | Villager (Male) |
| 1:26 | Create | Villager (Male) |
| 2:07 | Create | Villager (Male) |
| 2:31 | Create | Villager (Male) |
| 2:51 | Create | Villager (Male) |
| 2:58 | Build | Lumber Camp |
| 3:04 | Build | Lumber Camp |
| 3:20 | Create | Villager (Male) |
| 3:31 | Create | Villager (Male) |
| 3:49 | Create | Villager (Male) |
| 3:59 | Build | House |
| 4:15 | Build | Mill |
| 4:38 | Create | Villager (Male) |
| 5:03 | Create | Villager (Male) |
| 5:30 | Create | Villager (Male) |
| 5:57 | Research | Feudal Age |
| 7:02 | Build | Barracks |
| 7:42 | Build | House |
| 7:46 | Build | House |
| 8:06 | Create | Villager (Male) |
| 8:07 | Age | Feudal Age |
| 8:08 | Build | Stable |
| 8:26 | Research | Double-Bit Axe |
| 8:26 | Create | Villager (Male) |
| 8:29 | Create | Villager (Male) |
| 8:55 | Create | Scout Cavalry |
| 8:55 | Create | Scout Cavalry |
| 9:09 | Create | Villager (Male) |
| 9:12 | Build | Farm |
| 9:13 | Build | Farm |
| 9:19 | Research | Horse Collar |
| 9:57 | Create | Villager (Male) |
| 9:59 | Build | Farm |
| 9:59 | Build | Farm |
| 10:04 | Create | Scout Cavalry |
| 10:11 | Build | House |
| 10:22 | Build | Farm |
| 10:33 | Create | Villager (Male) |
| 10:44 | Create | Scout Cavalry |
| 10:53 | Build | Farm |
| 10:56 | Create | Villager (Male) |
| 11:08 | Build | House |
| 11:19 | Create | Villager (Male) |
| 11:30 | Create | Scout Cavalry |
| 11:34 | Build | Farm |
| 11:43 | Create | Villager (Male) |
| 11:45 | Build | Farm |
| 12:00 | Create | Villager (Male) |
| 12:27 | Create | Villager (Male) |
| 12:46 | Create | Villager (Male) |
| 13:05 | Build | Mining Camp |
| 13:06 | Create | Villager (Male) |
| 13:08 | Build | Farm |
| 13:20 | Build | Farm |
| 13:21 | Build | Farm |
| 13:23 | Build | Farm |
| 13:43 | Build | Farm |
| 13:46 | Build | Farm |
| 13:51 | Create | Villager (Male) |
| 14:11 | Build | House |
| 14:13 | Research | Wheelbarrow |
| 14:38 | Build | Farm |
| 15:37 | Build | Blacksmith |
| 16:00 | Research | Castle Age |
| 17:12 | Create | Villager (Male) |
| 18:40 | Age | Castle Age |
| 18:42 | Build | Town Center |
| 18:44 | Create | Villager (Male) |
| 18:44 | Create | Villager (Male) |
| 18:48 | Build | Town Center |
| 19:13 | Create | Villager (Male) |
| 19:16 | Create | Villager (Male) |
| 19:20 | Build | Monastery |
| 19:25 | Create | Villager (Male) |
| 19:55 | Create | Villager (Male) |
| 20:09 | Create | Monk |
| 20:12 | Create | Villager (Male) |
| 20:15 | Create | Villager (Male) |
| 20:18 | Create | Villager (Male) |
| 20:21 | Create | Villager (Male) |
| 20:26 | Build | Archery Range |
| 20:33 | Create | Villager (Male) |
| 20:42 | Create | Villager (Male) |
| 20:42 | Create | Villager (Male) |
| 20:50 | Create | Villager (Male) |
| 20:55 | Research | Bow Saw |
| 20:56 | Research | Heavy Plow |
| 20:57 | Create | Villager (Male) |
| 21:02 | Create | Monk |
| 21:04 | Create | Villager (Male) |
| 21:09 | Build | Farm |
| 21:11 | Build | Farm |
| 21:25 | Create | Villager (Male) |
| 21:35 | Create | Monk |
| 21:53 | Create | Monk |
| 21:56 | Create | Villager (Male) |
| 21:56 | Create | Villager (Male) |
| 21:57 | Create | Villager (Male) |
| 22:04 | Build | House |
| 22:07 | Create | Villager (Male) |
| 22:08 | Create | Cavalry Archer |
| 22:10 | Build | Farm |
| 22:11 | Build | Farm |
| 22:13 | Build | Farm |
| 22:16 | Build | House |
| 22:16 | Build | House |
| 22:21 | Build | House |
| 22:22 | Build | House |
| 22:23 | Build | House |
| 22:24 | Build | House |
| 22:25 | Build | House |
| 22:30 | Create | Villager (Male) |
| 22:34 | Create | Villager (Male) |
| 22:36 | Create | Villager (Male) |
| 22:40 | Create | Cavalry Archer |
| 22:41 | Research | Fletching |
| 22:48 | Create | Villager (Male) |
| 23:07 | Create | Villager (Male) |
| 23:09 | Create | Villager (Male) |
| 23:20 | Create | Villager (Male) |
| 23:20 | Create | Villager (Male) |
| 23:21 | Create | Cavalry Archer |
| 23:24 | Build | Archery Range |
| 23:27 | Create | Villager (Male) |
| 23:29 | Build | House |
| 23:32 | Create | Villager (Male) |
| 23:41 | Create | Villager (Male) |
| 23:41 | Create | Villager (Male) |
| 23:48 | Create | Villager (Male) |
| 23:48 | Create | Villager (Male) |
| 23:49 | Build | Farm |
| 23:52 | Build | Farm |
| 23:52 | Build | Farm |
| 23:53 | Build | Farm |
| 23:56 | Create | Villager (Male) |
| 23:56 | Create | Villager (Male) |
| 23:59 | Create | Villager (Male) |
| 23:59 | Create | Villager (Male) |
| 24:01 | Build | Farm |
| 24:18 | Create | Villager (Male) |
| 24:21 | Create | Cavalry Archer |
| 24:21 | Create | Cavalry Archer |
| 24:53 | Create | Villager (Male) |
| 24:53 | Create | Villager (Male) |
Build order — 家豪豪
First 150 of 951 actions detected
| 0:03 | Create | Villager (Male) ×5 |
| 0:06 | Build | House |
| 0:09 | Build | House |
| 1:53 | Create | Villager (Male) |
| 2:32 | Create | Villager (Male) ×2 |
| 2:36 | Create | Villager (Male) |
| 2:57 | Create | Villager (Male) |
| 2:59 | Create | Villager (Male) |
| 3:30 | Create | Villager (Male) |
| 3:35 | Build | House |
| 3:57 | Create | Villager (Male) |
| 3:59 | Create | Villager (Male) ×2 |
| 4:20 | Create | Villager (Male) |
| 5:20 | Create | Villager (Male) |
| 5:20 | Create | Villager (Male) |
| 5:40 | Build | Lumber Camp |
| 5:58 | Create | Villager (Male) ×4 |
| 6:04 | Build | House |
| 6:37 | Build | Mill |
| 7:40 | Create | Villager (Male) |
| 7:40 | Create | Villager (Male) |
| 8:07 | Build | House |
| 8:15 | Build | Mining Camp |
| 8:22 | Research | Feudal Age |
| 9:15 | Build | Farm |
| 9:18 | Build | Farm |
| 9:20 | Build | Farm |
| 9:27 | Build | Farm |
| 10:01 | Create | Villager (Male) |
| 10:01 | Create | Villager (Male) |
| 10:33 | Age | Feudal Age |
| 10:43 | Build | Blacksmith |
| 10:51 | Build | Market |
| 11:50 | Research | Castle Age |
| 11:57 | Build | House |
| 12:17 | Research | Double-Bit Axe |
| 12:19 | Research | Horse Collar |
| 12:49 | Create | Villager (Male) |
| 12:49 | Create | Villager (Male) |
| 13:24 | Create | Trade Cart |
| 13:35 | Create | Trade Cart |
| 14:16 | Age | Castle Age |
| 14:22 | Research | Bow Saw |
| 15:09 | Build | Town Center |
| 15:12 | Create | Villager (Male) |
| 15:18 | Create | Villager (Male) |
| 15:49 | Research | Heavy Plow |
| 15:50 | Create | Villager (Male) |
| 16:07 | Build | House |
| 16:16 | Create | Villager (Male) |
| 16:17 | Create | Villager (Male) |
| 16:19 | Create | Villager (Male) |
| 16:26 | Build | Farm |
| 16:28 | Build | Farm |
| 16:29 | Build | Farm |
| 16:30 | Build | Farm |
| 16:31 | Build | Farm |
| 16:32 | Build | Farm |
| 16:37 | Build | Farm |
| 16:40 | Create | Villager (Male) |
| 16:57 | Create | Villager (Male) |
| 17:05 | Create | Villager (Male) |
| 17:10 | Build | Town Center |
| 17:18 | Create | Villager (Male) |
| 17:28 | Create | Villager (Male) |
| 17:37 | Build | Monastery |
| 17:40 | Create | Villager (Male) |
| 17:50 | Build | Farm |
| 17:51 | Build | Farm |
| 17:53 | Build | Farm |
| 17:59 | Build | Farm |
| 18:00 | Build | Farm |
| 18:02 | Create | Villager (Male) |
| 18:10 | Build | House |
| 18:12 | Build | House |
| 18:13 | Build | House |
| 18:17 | Build | House |
| 18:19 | Build | House |
| 18:21 | Create | Villager (Male) |
| 18:22 | Create | Monk |
| 18:27 | Create | Villager (Male) |
| 18:37 | Create | Villager (Male) |
| 18:49 | Create | Villager (Male) ×2 |
| 18:50 | Create | Villager (Male) |
| 19:19 | Create | Villager (Male) |
| 19:22 | Build | Town Center |
| 19:33 | Create | Monk |
| 19:38 | Create | Villager (Male) ×3 |
| 19:39 | Create | Villager (Male) |
| 19:42 | Build | Farm |
| 19:43 | Build | Farm |
| 19:43 | Build | Farm |
| 19:43 | Build | Farm |
| 19:47 | Build | Farm |
| 19:48 | Build | Farm |
| 19:49 | Build | Farm |
| 19:50 | Build | Farm |
| 19:52 | Create | Villager (Male) |
| 19:57 | Build | Farm |
| 19:58 | Build | Farm |
| 20:01 | Build | Farm |
| 20:07 | Create | Villager (Male) |
| 20:11 | Build | Farm |
| 20:12 | Build | Farm |
| 20:14 | Create | Villager (Male) |
| 20:17 | Build | Farm |
| 20:19 | Build | Farm |
| 20:20 | Create | Villager (Male) |
| 20:21 | Build | Farm |
| 20:22 | Build | Farm |
| 20:22 | Build | Farm |
| 20:29 | Build | House |
| 20:31 | Build | House |
| 20:36 | Create | Trade Cart |
| 20:37 | Create | Villager (Male) |
| 20:37 | Create | Villager (Male) |
| 21:02 | Create | Villager (Male) ×2 |
| 21:04 | Build | Farm |
| 21:07 | Create | Villager (Male) |
| 21:10 | Create | Villager (Male) |
| 21:15 | Build | Farm |
| 21:15 | Build | Farm |
| 21:15 | Build | Farm |
| 21:15 | Build | Farm |
| 21:16 | Build | Farm |
| 21:16 | Build | Farm |
| 21:16 | Build | Farm |
| 21:19 | Create | Villager (Male) |
| 21:32 | Create | Monk |
| 21:33 | Create | Villager (Male) |
| 21:33 | Create | Villager (Male) ×2 |
| 21:39 | Create | Villager (Male) |
| 21:56 | Create | Villager (Male) ×3 |
| 22:00 | Build | House |
| 22:01 | Build | House |
| 22:03 | Build | House |
| 22:04 | Build | House |
| 22:05 | Create | Villager (Male) |
| 22:07 | Create | Villager (Male) |
| 22:11 | Create | Villager (Male) ×2 |
| 22:18 | Build | Mill |
| 22:19 | Build | Farm |
| 22:20 | Build | Farm |
| 22:21 | Build | Farm |
| 22:22 | Build | Farm |
| 22:24 | Build | Farm |
| 22:32 | Create | Villager (Male) ×4 |
| 22:34 | Create | Villager (Male) |
| 22:35 | Create | Villager (Male) |
| 22:40 | Build | Lumber Camp |
Build order — Bangputys
First 150 of 1339 actions detected
| 0:03 | Create | Villager (Male) ×4 |
| 0:07 | Build | House |
| 0:11 | Build | House |
| 1:28 | Create | Villager (Male) |
| 1:28 | Create | Villager (Male) |
| 2:07 | Create | Villager (Male) ×2 |
| 2:07 | Create | Villager (Male) ×2 |
| 2:39 | Build | Lumber Camp |
| 2:55 | Create | Villager (Male) |
| 2:55 | Create | Villager (Male) |
| 3:11 | Create | Villager (Male) |
| 3:11 | Create | Villager (Male) |
| 3:40 | Build | House |
| 3:43 | Create | Villager (Male) ×2 |
| 3:43 | Create | Villager (Male) ×2 |
| 3:52 | Build | House |
| 3:52 | Build | House |
| 3:53 | Build | House |
| 4:31 | Create | Villager (Male) ×2 |
| 4:32 | Create | Villager (Male) ×2 |
| 4:40 | Build | House |
| 4:40 | Build | House |
| 4:52 | Create | Villager (Male) |
| 4:53 | Create | Villager (Male) |
| 5:21 | Create | Villager (Male) |
| 5:21 | Create | Villager (Male) |
| 5:37 | Create | Villager (Male) |
| 6:00 | Create | Villager (Male) ×2 |
| 6:29 | Create | Villager (Male) |
| 6:34 | Build | Mining Camp |
| 7:13 | Create | Villager (Male) |
| 7:14 | Create | Villager (Male) |
| 8:30 | Create | Villager (Male) |
| 8:30 | Create | Villager (Male) |
| 8:42 | Build | Mill |
| 9:21 | Create | Villager (Male) |
| 9:21 | Create | Villager (Male) |
| 9:38 | Build | Farm |
| 9:42 | Research | Feudal Age |
| 10:31 | Build | Farm |
| 11:46 | Build | Farm |
| 11:46 | Build | Farm |
| 12:13 | Age | Feudal Age |
| 12:23 | Build | Market |
| 12:28 | Build | Blacksmith |
| 12:32 | Research | Loom |
| 12:32 | Create | Villager (Male) |
| 13:04 | Research | Castle Age |
| 13:17 | Build | Mining Camp |
| 13:31 | Build | Farm |
| 14:30 | Research | Stone Mining |
| 15:05 | Build | Farm |
| 16:01 | Create | Villager (Male) |
| 16:02 | Age | Castle Age |
| 16:41 | Build | Castle |
| 16:52 | Build | Lumber Camp |
| 16:59 | Create | Villager (Male) |
| 17:03 | Research | Gold Mining |
| 17:15 | Research | Double-Bit Axe |
| 17:16 | Create | Villager (Male) |
| 17:32 | Build | Farm |
| 17:33 | Build | Farm |
| 17:33 | Build | Farm |
| 17:33 | Build | Farm |
| 17:39 | Create | Villager (Male) |
| 17:50 | Create | Conquistador |
| 17:51 | Create | Conquistador |
| 17:51 | Create | Conquistador |
| 17:52 | Create | Conquistador |
| 17:53 | Create | Villager (Male) |
| 18:03 | Build | Farm |
| 18:08 | Build | Farm |
| 18:08 | Build | Farm |
| 18:08 | Build | Farm |
| 18:09 | Build | Farm |
| 18:10 | Build | Farm |
| 18:10 | Build | Farm |
| 18:10 | Build | Farm |
| 18:10 | Build | Farm |
| 18:11 | Build | Farm |
| 18:12 | Build | Farm |
| 18:13 | Build | Farm |
| 18:14 | Build | Farm |
| 18:15 | Build | Farm |
| 18:16 | Build | Farm |
| 18:19 | Create | Villager (Male) |
| 18:53 | Create | Villager (Male) |
| 19:07 | Build | Farm |
| 19:10 | Research | Bow Saw |
| 19:10 | Research | Bow Saw |
| 19:24 | Create | Conquistador |
| 19:33 | Build | Farm |
| 19:34 | Build | Farm |
| 19:35 | Create | Villager (Male) |
| 19:35 | Create | Villager (Male) |
| 19:47 | Create | Conquistador |
| 19:47 | Create | Conquistador |
| 20:18 | Create | Villager (Male) |
| 20:18 | Create | Conquistador |
| 20:47 | Create | Conquistador |
| 20:47 | Create | Villager (Male) |
| 20:53 | Build | Farm |
| 20:53 | Build | Farm |
| 20:54 | Build | Farm |
| 21:27 | Create | Conquistador |
| 21:58 | Research | Wheelbarrow |
| 21:59 | Create | Villager (Male) |
| 21:59 | Create | Conquistador |
| 21:59 | Create | Conquistador |
| 22:23 | Create | Conquistador |
| 22:23 | Create | Villager (Male) |
| 22:29 | Build | Farm |
| 22:29 | Build | Farm |
| 22:33 | Build | Farm |
| 22:33 | Build | Farm |
| 22:44 | Create | Villager (Male) |
| 22:44 | Create | Conquistador |
| 23:44 | Create | Villager (Male) |
| 23:45 | Create | Conquistador |
| 23:46 | Create | Conquistador |
| 24:07 | Create | Conquistador |
| 24:27 | Create | Conquistador |
| 24:27 | Create | Villager (Male) |
| 25:14 | Build | Town Center |
| 25:24 | Build | Town Center |
| 25:29 | Research | Hand Cart |
| 25:34 | Create | Villager (Male) |
| 25:34 | Create | Villager (Male) |
| 25:50 | Create | Villager (Male) |
| 26:14 | Create | Villager (Male) |
| 26:14 | Create | Villager (Male) |
| 26:15 | Create | Villager (Male) |
| 26:42 | Build | Town Center |
| 26:50 | Create | Villager (Male) |
| 26:50 | Create | Villager (Male) |
| 26:50 | Create | Villager (Male) |
| 26:50 | Create | Villager (Male) |
| 26:51 | Create | Villager (Male) |
| 26:54 | Create | Villager (Male) |
| 26:55 | Create | Villager (Male) |
| 26:55 | Create | Villager (Male) |
| 26:58 | Build | Farm |
| 26:58 | Build | Farm |
| 26:59 | Build | Farm |
| 26:59 | Build | Farm |
| 27:17 | Create | Villager (Male) |
| 27:31 | Build | Farm |
| 27:35 | Build | Farm |
| 27:38 | Create | Villager (Male) ×5 |
| 28:12 | Build | Market |
Build order — 岁月淹及
First 150 of 1737 actions detected
| 0:01 | Create | Villager (Male) |
| 0:01 | Create | Villager (Male) |
| 0:01 | Create | Villager (Male) |
| 0:01 | Create | Villager (Male) |
| 0:01 | Create | Villager (Male) |
| 0:03 | Build | House |
| 0:05 | Build | House |
| 1:34 | Create | Villager (Male) |
| 1:35 | Create | Villager (Male) |
| 1:45 | Build | Lumber Camp |
| 2:01 | Create | Villager (Male) |
| 2:02 | Create | Villager (Male) |
| 2:19 | Create | Villager (Male) |
| 2:19 | Create | Villager (Male) |
| 3:11 | Create | Villager (Male) |
| 3:12 | Create | Villager (Male) |
| 3:12 | Create | Villager (Male) |
| 3:46 | Build | House |
| 3:50 | Create | Villager (Male) |
| 3:51 | Create | Villager (Male) |
| 4:41 | Create | Villager (Male) |
| 4:41 | Create | Villager (Male) |
| 4:41 | Create | Villager (Male) |
| 5:13 | Build | Mill |
| 5:25 | Create | Villager (Male) |
| 5:25 | Create | Villager (Male) |
| 6:08 | Create | Villager (Male) |
| 6:08 | Create | Villager (Male) |
| 6:08 | Create | Villager (Male) |
| 6:08 | Create | Villager (Male) |
| 6:08 | Create | Villager (Male) |
| 6:27 | Create | Villager (Male) |
| 6:27 | Create | Villager (Male) |
| 6:32 | Build | House |
| 6:55 | Create | Villager (Male) |
| 6:55 | Create | Villager (Male) |
| 7:05 | Build | House |
| 7:45 | Create | Villager (Male) |
| 8:04 | Research | Feudal Age |
| 8:16 | Create | Villager (Male) |
| 8:16 | Create | Villager (Male) |
| 8:18 | Create | Villager (Male) |
| 8:54 | Build | Mining Camp |
| 11:13 | Age | Feudal Age |
| 11:19 | Build | Blacksmith |
| 11:30 | Build | Market |
| 12:39 | Research | Castle Age |
| 12:42 | Build | Farm |
| 12:44 | Build | Farm |
| 12:45 | Build | Farm |
| 12:47 | Build | Farm |
| 13:15 | Build | Farm |
| 13:25 | Research | Horse Collar |
| 13:30 | Build | Farm |
| 13:47 | Create | Villager (Male) |
| 13:50 | Build | Farm |
| 14:23 | Research | Double-Bit Axe |
| 14:58 | Create | Villager (Male) |
| 15:19 | Age | Castle Age |
| 15:20 | Build | Town Center |
| 15:24 | Build | Town Center |
| 15:28 | Research | Bow Saw |
| 16:04 | Create | Villager (Male) |
| 16:14 | Build | Farm |
| 16:29 | Create | Villager (Male) |
| 16:41 | Create | Villager (Male) |
| 16:41 | Create | Villager (Male) |
| 16:45 | Build | Farm |
| 16:45 | Build | Farm |
| 16:45 | Build | Farm |
| 16:46 | Build | Farm |
| 16:50 | Create | Villager (Male) |
| 16:51 | Create | Villager (Male) |
| 16:51 | Create | Villager (Male) |
| 16:51 | Create | Villager (Male) |
| 16:54 | Build | Farm |
| 17:14 | Build | House |
| 17:15 | Build | House |
| 17:18 | Build | Farm |
| 17:18 | Create | Villager (Male) |
| 17:18 | Create | Villager (Male) |
| 17:39 | Build | Farm |
| 17:40 | Create | Villager (Male) |
| 17:40 | Create | Villager (Male) |
| 17:51 | Create | Villager (Male) |
| 17:52 | Create | Villager (Male) |
| 17:52 | Create | Villager (Male) |
| 17:54 | Build | Farm |
| 18:02 | Build | Farm |
| 18:04 | Build | Farm |
| 18:07 | Build | House |
| 18:08 | Build | House |
| 18:12 | Build | House |
| 18:13 | Create | Villager (Male) |
| 18:13 | Create | Villager (Male) |
| 18:13 | Create | Villager (Male) |
| 18:20 | Create | Villager (Male) |
| 18:21 | Create | Villager (Male) |
| 18:43 | Create | Villager (Male) |
| 18:43 | Create | Villager (Male) |
| 18:44 | Create | Villager (Male) |
| 18:56 | Build | Town Center |
| 18:59 | Create | Villager (Male) |
| 18:59 | Create | Villager (Male) |
| 19:05 | Build | Farm |
| 19:13 | Build | House |
| 19:15 | Build | Farm |
| 19:16 | Create | Villager (Male) |
| 19:17 | Create | Villager (Male) |
| 19:18 | Build | Farm |
| 19:22 | Build | Farm |
| 19:35 | Build | Farm |
| 19:36 | Create | Villager (Male) |
| 19:36 | Create | Villager (Male) |
| 19:45 | Build | Farm |
| 19:48 | Create | Villager (Male) |
| 19:49 | Create | Villager (Male) |
| 19:58 | Build | Farm |
| 20:04 | Create | Villager (Male) |
| 20:04 | Create | Villager (Male) |
| 20:04 | Create | Villager (Male) |
| 20:10 | Build | Farm |
| 20:13 | Build | Farm |
| 20:15 | Create | Villager (Male) |
| 20:18 | Build | Farm |
| 20:18 | Create | Villager (Male) |
| 20:18 | Create | Villager (Male) |
| 20:19 | Create | Villager (Male) |
| 20:27 | Create | Villager (Male) |
| 20:28 | Create | Villager (Male) |
| 20:32 | Build | Farm |
| 20:35 | Build | Farm |
| 20:37 | Create | Villager (Male) |
| 20:37 | Create | Villager (Male) |
| 20:40 | Build | Farm |
| 20:45 | Build | Farm |
| 20:50 | Build | Farm |
| 20:52 | Create | Villager (Male) |
| 20:52 | Create | Villager (Male) |
| 20:52 | Create | Villager (Male) |
| 20:58 | Build | Farm |
| 20:59 | Research | Loom |
| 21:00 | Create | Villager (Male) |
| 21:00 | Create | Villager (Male) |
| 21:05 | Build | Farm |
| 21:06 | Create | Villager (Male) |
| 21:06 | Create | Villager (Male) |
| 21:14 | Create | Villager (Male) |
| 21:14 | Create | Villager (Male) |
| 21:20 | Create | Villager (Male) |
Build order — Ainz_Own_Goal
First 150 of 857 actions detected
| 0:01 | Create | Villager (Male) |
| 0:02 | Create | Villager (Male) |
| 0:02 | Create | Villager (Male) |
| 0:02 | Create | Villager (Male) |
| 0:04 | Build | House |
| 0:05 | Build | House |
| 1:24 | Create | Villager (Male) |
| 1:25 | Create | Villager (Male) |
| 2:02 | Build | Lumber Camp |
| 2:03 | Create | Villager (Male) |
| 2:04 | Create | Villager (Male) |
| 2:20 | Create | Villager (Male) |
| 2:21 | Create | Villager (Male) |
| 2:43 | Create | Villager (Male) |
| 2:43 | Create | Villager (Male) |
| 3:17 | Build | House |
| 3:18 | Build | House |
| 3:20 | Create | Villager (Male) |
| 3:20 | Create | Villager (Male) |
| 3:30 | Create | Villager (Male) |
| 3:30 | Create | Villager (Male) |
| 4:03 | Create | Villager (Male) |
| 4:04 | Create | Villager (Male) |
| 4:34 | Create | Villager (Male) |
| 4:34 | Create | Villager (Male) |
| 4:34 | Create | Villager (Male) |
| 4:59 | Create | Villager (Male) |
| 5:01 | Create | Villager (Male) |
| 5:06 | Create | Villager (Male) |
| 6:06 | Build | Mill |
| 6:09 | Create | Villager (Male) |
| 6:10 | Create | Villager (Male) |
| 6:22 | Create | Villager (Male) |
| 6:34 | Create | Villager (Male) |
| 7:00 | Create | Villager (Male) |
| 7:14 | Create | Villager (Male) |
| 7:23 | Create | Villager (Male) |
| 7:26 | Build | Farm |
| 7:27 | Build | Farm |
| 7:34 | Build | House |
| 8:02 | Build | Farm |
| 8:20 | Build | Farm |
| 8:37 | Research | Feudal Age |
| 8:38 | Research | Feudal Age |
| 8:51 | Create | Villager (Male) |
| 8:53 | Build | Mining Camp |
| 8:57 | Build | Mining Camp |
| 9:45 | Create | Villager (Male) |
| 10:56 | Age | Feudal Age |
| 10:58 | Create | Villager (Male) |
| 11:07 | Build | Market |
| 11:17 | Build | Blacksmith |
| 11:51 | Research | Castle Age |
| 12:14 | Build | Farm |
| 12:15 | Build | Farm |
| 12:17 | Research | Double-Bit Axe |
| 12:17 | Research | Double-Bit Axe |
| 12:38 | Build | Farm |
| 13:34 | Build | House |
| 13:35 | Build | House |
| 13:36 | Build | House |
| 14:20 | Create | Villager (Male) |
| 14:41 | Build | House |
| 14:42 | Build | House |
| 14:52 | Age | Castle Age |
| 14:54 | Build | Town Center |
| 14:55 | Create | Villager (Male) |
| 15:08 | Build | Town Center |
| 15:14 | Create | Villager (Male) |
| 15:20 | Build | Farm |
| 15:23 | Create | Villager (Male) |
| 15:35 | Build | Town Center |
| 16:07 | Create | Villager (Male) |
| 16:12 | Research | Bow Saw |
| 16:12 | Research | Bow Saw |
| 16:16 | Create | Villager (Male) |
| 16:16 | Create | Villager (Male) |
| 16:19 | Build | House |
| 16:31 | Create | Villager (Male) |
| 16:34 | Build | Farm |
| 16:46 | Create | Villager (Male) |
| 17:02 | Build | Farm |
| 17:10 | Create | Villager (Male) |
| 17:11 | Create | Villager (Male) |
| 17:11 | Create | Villager (Male) |
| 17:15 | Build | Lumber Camp |
| 17:24 | Create | Villager (Male) |
| 17:24 | Create | Villager (Male) |
| 17:27 | Build | Farm |
| 17:33 | Build | Farm |
| 17:38 | Build | House |
| 17:40 | Create | Villager (Male) |
| 17:42 | Create | Villager (Male) |
| 17:42 | Create | Villager (Male) |
| 17:47 | Create | Villager (Male) |
| 17:47 | Create | Villager (Male) |
| 17:48 | Build | Farm |
| 17:53 | Build | Farm |
| 18:06 | Build | Farm |
| 18:10 | Create | Villager (Male) |
| 18:17 | Create | Villager (Male) |
| 18:18 | Create | Villager (Male) |
| 18:27 | Build | Farm |
| 18:30 | Create | Villager (Male) |
| 18:35 | Build | Farm |
| 18:39 | Research | Horse Collar |
| 18:39 | Research | Horse Collar |
| 18:41 | Create | Villager (Male) |
| 18:49 | Create | Villager (Male) |
| 18:49 | Create | Villager (Male) |
| 18:59 | Build | Farm |
| 19:02 | Build | Farm |
| 19:03 | Build | Farm |
| 19:04 | Build | Farm |
| 19:07 | Create | Villager (Male) |
| 19:11 | Build | House |
| 19:17 | Create | Villager (Male) |
| 19:18 | Create | Villager (Male) |
| 19:25 | Build | Farm |
| 19:25 | Build | Farm |
| 19:25 | Build | Farm |
| 19:26 | Build | Farm |
| 19:26 | Build | Farm |
| 19:30 | Create | Villager (Male) |
| 19:33 | Create | Villager (Male) |
| 19:39 | Build | Farm |
| 19:41 | Build | Farm |
| 19:46 | Build | Farm |
| 19:46 | Create | Villager (Male) |
| 19:48 | Create | Villager (Male) |
| 19:54 | Create | Villager (Male) |
| 19:54 | Create | Villager (Male) |
| 20:03 | Build | Farm |
| 20:03 | Create | Villager (Male) |
| 20:04 | Create | Villager (Male) |
| 20:07 | Build | Farm |
| 20:10 | Create | Villager (Male) |
| 20:10 | Create | Villager (Male) |
| 20:27 | Create | Villager (Male) |
| 20:28 | Create | Villager (Male) |
| 20:43 | Build | Lumber Camp |
| 20:46 | Create | Villager (Male) |
| 20:46 | Create | Villager (Male) |
| 20:46 | Create | Villager (Male) |
| 20:47 | Create | Villager (Male) |
| 20:50 | Build | Market |
| 21:02 | Create | Villager (Male) |
| 21:03 | Create | Villager (Male) |
| 21:03 | Create | Villager (Male) |
| 21:13 | Build | Farm |
Build order — Scogx
First 150 of 2091 actions detected
| 0:01 | Create | Villager (Male) |
| 0:01 | Create | Villager (Male) |
| 0:01 | Create | Villager (Male) |
| 0:02 | Build | House |
| 0:04 | Build | House |
| 0:07 | Create | Villager (Male) |
| 0:07 | Create | Villager (Male) |
| 0:07 | Create | Villager (Male) |
| 1:16 | Create | Villager (Male) |
| 1:16 | Create | Villager (Male) |
| 1:42 | Build | Lumber Camp |
| 1:48 | Create | Villager (Male) |
| 2:11 | Create | Villager (Male) |
| 2:11 | Create | Villager (Male) |
| 2:36 | Create | Villager (Male) |
| 3:06 | Create | Villager (Male) |
| 3:32 | Create | Villager (Male) |
| 3:32 | Create | Villager (Male) |
| 3:46 | Create | Villager (Male) |
| 3:46 | Create | Villager (Male) |
| 3:55 | Build | House |
| 4:08 | Build | Mill |
| 4:21 | Build | House |
| 4:34 | Create | Villager (Male) |
| 4:34 | Create | Villager (Male) |
| 4:40 | Create | Villager (Male) |
| 4:54 | Build | Palisade Wall |
| 5:20 | Create | Villager (Male) |
| 5:29 | Create | Villager (Male) |
| 5:29 | Create | Villager (Male) |
| 5:40 | Create | Villager (Male) |
| 5:40 | Create | Villager (Male) |
| 5:57 | Create | Villager (Male) |
| 6:05 | Create | Villager (Male) |
| 6:56 | Create | Villager (Male) |
| 7:13 | Build | Mining Camp |
| 7:57 | Research | Feudal Age |
| 8:23 | Build | House |
| 8:35 | Create | Villager (Male) |
| 9:27 | Build | Farm |
| 9:30 | Build | Farm |
| 9:32 | Build | Farm |
| 10:01 | Age | Feudal Age |
| 10:04 | Build | Market |
| 10:06 | Build | Blacksmith |
| 10:11 | Create | Villager (Male) |
| 10:54 | Research | Castle Age |
| 11:20 | Research | Double-Bit Axe |
| 11:48 | Research | Horse Collar |
| 12:09 | Create | Villager (Male) |
| 12:36 | Build | Farm |
| 13:19 | Age | Castle Age |
| 13:21 | Build | Town Center |
| 13:22 | Create | Villager (Male) |
| 13:23 | Create | Villager (Male) |
| 13:34 | Research | Bow Saw |
| 13:39 | Research | Heavy Plow |
| 13:41 | Build | House |
| 13:51 | Research | Loom |
| 13:52 | Create | Villager (Male) |
| 14:13 | Build | Farm |
| 14:19 | Build | Farm |
| 14:27 | Create | Villager (Male) |
| 14:31 | Create | Villager (Male) |
| 14:32 | Create | Villager (Male) |
| 14:36 | Build | Farm |
| 14:46 | Build | Farm |
| 14:54 | Build | Farm |
| 14:54 | Create | Villager (Male) |
| 15:01 | Build | Farm |
| 15:08 | Build | Farm |
| 15:13 | Create | Villager (Male) |
| 15:24 | Create | Villager (Male) |
| 15:41 | Create | Villager (Male) |
| 15:42 | Create | Villager (Male) |
| 15:47 | Create | Villager (Male) |
| 15:52 | Build | Town Center |
| 16:04 | Build | Farm |
| 16:08 | Create | Villager (Male) |
| 16:08 | Create | Villager (Male) |
| 16:14 | Build | Farm |
| 16:17 | Create | Villager (Male) |
| 16:17 | Create | Villager (Male) |
| 16:20 | Build | Farm |
| 16:26 | Build | Farm |
| 16:35 | Build | House |
| 16:38 | Build | House |
| 16:41 | Create | Villager (Male) |
| 16:41 | Create | Villager (Male) |
| 16:45 | Build | Farm |
| 16:46 | Create | Villager (Male) |
| 17:09 | Build | Farm |
| 17:10 | Create | Villager (Male) |
| 17:15 | Create | Villager (Male) |
| 17:15 | Create | Villager (Male) |
| 17:18 | Build | Farm |
| 17:21 | Build | Farm |
| 17:21 | Create | Villager (Male) |
| 17:22 | Create | Villager (Male) |
| 17:30 | Build | Farm |
| 17:30 | Create | Villager (Male) |
| 17:31 | Create | Villager (Male) |
| 17:45 | Research | Wheelbarrow |
| 17:48 | Build | Farm |
| 17:50 | Build | House |
| 17:52 | Build | House |
| 17:53 | Build | House |
| 17:53 | Create | Villager (Male) |
| 17:53 | Create | Villager (Male) |
| 17:59 | Create | Villager (Male) |
| 18:00 | Create | Villager (Male) |
| 18:02 | Build | Farm |
| 18:15 | Create | Villager (Male) |
| 18:15 | Create | Villager (Male) |
| 18:19 | Create | Villager (Male) |
| 18:19 | Create | Villager (Male) |
| 18:23 | Build | Farm |
| 18:29 | Build | Farm |
| 18:31 | Create | Villager (Male) |
| 18:31 | Create | Villager (Male) |
| 18:32 | Create | Villager (Male) |
| 18:49 | Build | Farm |
| 18:50 | Build | Farm |
| 18:52 | Create | Trade Cart |
| 18:56 | Create | Villager (Male) |
| 18:56 | Create | Villager (Male) |
| 19:05 | Create | Villager (Male) |
| 19:05 | Create | Villager (Male) |
| 19:09 | Create | Villager (Male) |
| 19:11 | Create | Villager (Male) |
| 19:12 | Create | Villager (Male) |
| 19:16 | Build | House |
| 19:17 | Build | House |
| 19:20 | Create | Villager (Male) |
| 19:22 | Create | Villager (Male) |
| 19:42 | Research | Hand Cart |
| 19:43 | Create | Villager (Male) |
| 19:43 | Create | Villager (Male) |
| 19:57 | Create | Villager (Male) |
| 19:57 | Create | Villager (Male) |
| 20:09 | Build | Town Center |
| 20:13 | Create | Villager (Male) |
| 20:14 | Create | Villager (Male) |
| 20:17 | Build | House |
| 20:22 | Create | Villager (Male) |
| 20:23 | Create | Villager (Male) |
| 20:23 | Create | Villager (Male) |
| 20:23 | Create | Villager (Male) |
| 20:38 | Create | Villager (Male) |
| 20:43 | Build | Farm |
Build order — Snow_Boss
First 150 of 1463 actions detected
| 0:01 | Create | Villager (Male) |
| 0:01 | Create | Villager (Male) |
| 0:01 | Create | Villager (Male) |
| 0:02 | Build | House |
| 0:03 | Build | House |
| 0:06 | Create | Villager (Male) |
| 0:06 | Create | Villager (Male) |
| 1:25 | Create | Villager (Male) |
| 2:04 | Create | Villager (Male) |
| 2:08 | Create | Villager (Male) |
| 2:08 | Create | Villager (Male) |
| 2:12 | Build | Lumber Camp |
| 2:44 | Create | Villager (Male) |
| 2:44 | Create | Villager (Male) |
| 2:44 | Create | Villager (Male) |
| 2:58 | Create | Villager (Male) |
| 3:26 | Build | House |
| 4:03 | Create | Villager (Male) |
| 4:26 | Create | Villager (Male) |
| 4:50 | Build | Mill |
| 4:54 | Create | Villager (Male) |
| 5:28 | Research | Feudal Age |
| 5:28 | Research | Feudal Age |
| 6:41 | Build | Barracks |
| 7:09 | Create | Villager (Male) |
| 7:38 | Age | Feudal Age |
| 7:41 | Build | Stable |
| 7:42 | Create | Villager (Male) |
| 7:54 | Build | House |
| 8:10 | Research | Double-Bit Axe |
| 8:10 | Research | Double-Bit Axe |
| 8:13 | Create | Villager (Male) |
| 8:15 | Build | House |
| 8:27 | Create | Villager (Male) |
| 8:40 | Build | House |
| 8:41 | Create | Scout Cavalry |
| 8:48 | Create | Villager (Male) |
| 8:55 | Research | Loom |
| 8:59 | Create | Scout Cavalry |
| 9:11 | Research | Horse Collar |
| 9:15 | Create | Scout Cavalry |
| 9:19 | Build | House |
| 9:37 | Build | Farm |
| 9:38 | Create | Villager (Male) |
| 9:41 | Build | Farm |
| 9:52 | Create | Scout Cavalry |
| 9:57 | Build | Farm |
| 10:12 | Create | Villager (Male) |
| 10:13 | Create | Villager (Male) |
| 10:19 | Build | Farm |
| 10:30 | Create | Villager (Male) |
| 10:34 | Build | Farm |
| 10:54 | Create | Scout Cavalry |
| 10:58 | Build | Farm |
| 11:00 | Build | Farm |
| 11:06 | Create | Villager (Male) |
| 11:06 | Create | Villager (Male) |
| 11:21 | Create | Villager (Male) |
| 11:25 | Build | Farm |
| 11:34 | Create | Villager (Male) |
| 11:38 | Build | Farm |
| 11:49 | Create | Villager (Male) |
| 11:51 | Build | Farm |
| 11:51 | Build | Farm |
| 12:16 | Create | Villager (Male) |
| 12:22 | Build | Lumber Camp |
| 12:32 | Create | Scout Cavalry |
| 12:42 | Create | Villager (Male) |
| 12:45 | Create | Villager (Male) |
| 13:09 | Create | Villager (Male) |
| 13:19 | Build | Mining Camp |
| 13:40 | Build | House |
| 13:41 | Build | House |
| 14:13 | Build | Blacksmith |
| 14:17 | Create | Villager (Male) |
| 14:29 | Build | Farm |
| 14:48 | Create | Villager (Male) |
| 15:12 | Build | Market |
| 15:14 | Create | Villager (Male) |
| 15:40 | Create | Villager (Male) |
| 16:05 | Create | Villager (Male) |
| 16:28 | Research | Castle Age |
| 16:29 | Research | Castle Age |
| 16:37 | Build | Mining Camp |
| 17:20 | Build | Stone Wall |
| 17:50 | Build | Market |
| 18:39 | Build | Gate |
| 19:03 | Research | Wheelbarrow |
| 19:11 | Age | Castle Age |
| 19:14 | Build | Town Center |
| 19:18 | Build | Town Center |
| 19:19 | Research | Bow Saw |
| 19:19 | Research | Bow Saw |
| 19:21 | Research | Heavy Plow |
| 19:21 | Research | Heavy Plow |
| 19:22 | Research | Gold Mining |
| 19:23 | Research | Gold Mining |
| 19:26 | Create | Trade Cart |
| 19:35 | Research | Forging |
| 19:35 | Research | Fletching |
| 19:40 | Build | Farm |
| 19:41 | Research | Light Cavalry (upgrade) |
| 19:41 | Research | Light Cavalry (upgrade) |
| 19:45 | Create | Villager (Male) |
| 19:48 | Build | Farm |
| 20:22 | Research | Bloodlines |
| 20:23 | Research | Bloodlines |
| 20:39 | Create | Villager (Male) |
| 20:40 | Create | Villager (Male) |
| 20:41 | Build | Farm |
| 20:42 | Build | Farm |
| 20:56 | Create | Villager (Male) |
| 21:03 | Create | Villager (Male) |
| 21:04 | Create | Villager (Male) |
| 21:04 | Create | Villager (Male) |
| 21:06 | Build | Farm |
| 21:10 | Build | Farm |
| 21:16 | Create | Villager (Male) |
| 21:31 | Build | Farm |
| 21:33 | Build | Farm |
| 21:37 | Create | Villager (Male) |
| 21:42 | Create | Villager (Male) |
| 21:46 | Create | Villager (Male) |
| 21:53 | Create | Villager (Male) |
| 21:56 | Build | Farm |
| 22:18 | Create | Villager (Male) |
| 22:21 | Build | Farm |
| 22:22 | Build | Farm |
| 22:24 | Create | Villager (Male) |
| 22:27 | Build | Farm |
| 22:28 | Create | Villager (Male) |
| 22:34 | Create | Villager (Male) |
| 22:36 | Build | Farm |
| 22:47 | Create | Villager (Male) |
| 22:54 | Build | Farm |
| 23:02 | Create | Villager (Male) |
| 23:05 | Build | Farm |
| 23:05 | Create | Villager (Male) |
| 23:14 | Create | Villager (Male) |
| 23:16 | Build | Farm |
| 23:29 | Create | Villager (Male) |
| 23:29 | Create | Villager (Male) |
| 23:33 | Create | Villager (Male) |
| 23:37 | Create | Villager (Male) |
| 23:42 | Build | Farm |
| 23:44 | Build | House |
| 23:45 | Build | House |
| 23:46 | Create | Trade Cart |
| 23:57 | Create | Villager (Male) |
| 24:02 | Create | Villager (Male) |
Build order — Sói
First 150 of 931 actions detected
| 0:01 | Create | Villager (Male) |
| 0:02 | Create | Villager (Male) |
| 0:02 | Build | House |
| 0:04 | Build | House |
| 0:06 | Create | Villager (Male) |
| 0:06 | Create | Villager (Male) |
| 0:06 | Create | Villager (Male) |
| 1:35 | Create | Villager (Male) |
| 1:35 | Create | Villager (Male) |
| 1:56 | Create | Villager (Male) |
| 1:56 | Create | Villager (Male) |
| 2:14 | Create | Villager (Male) |
| 2:14 | Create | Villager (Male) |
| 2:21 | Build | Lumber Camp |
| 2:46 | Create | Villager (Male) |
| 2:47 | Create | Villager (Male) |
| 2:52 | Create | Villager (Male) |
| 2:52 | Create | Villager (Male) |
| 3:00 | Create | Villager (Male) |
| 3:01 | Create | Villager (Male) |
| 3:01 | Create | Villager (Male) |
| 3:17 | Create | Villager (Male) |
| 3:17 | Create | Villager (Male) |
| 3:35 | Build | House |
| 3:36 | Create | Villager (Male) |
| 3:37 | Create | Villager (Male) |
| 4:02 | Create | Villager (Male) |
| 4:05 | Create | Villager (Male) |
| 4:05 | Create | Villager (Male) |
| 4:39 | Create | Villager (Male) |
| 4:39 | Create | Villager (Male) |
| 4:57 | Build | Mill |
| 5:31 | Research | Feudal Age |
| 5:31 | Research | Feudal Age |
| 6:18 | Build | Palisade Wall |
| 6:22 | Build | Palisade Wall |
| 6:24 | Build | Palisade Wall |
| 6:26 | Build | Palisade Wall |
| 6:58 | Build | Barracks |
| 7:31 | Create | Villager (Male) |
| 7:41 | Age | Feudal Age |
| 7:55 | Build | Stable |
| 8:04 | Create | Villager (Male) |
| 8:09 | Build | House |
| 8:13 | Research | Double-Bit Axe |
| 8:26 | Research | Loom |
| 8:26 | Research | Loom |
| 8:34 | Build | Palisade Wall |
| 8:36 | Build | Palisade Wall |
| 8:38 | Build | Palisade Wall |
| 8:41 | Build | Palisade Wall |
| 8:52 | Create | Scout Cavalry |
| 8:52 | Create | Scout Cavalry |
| 8:55 | Create | Villager (Male) |
| 9:05 | Build | Palisade Wall |
| 9:10 | Create | Villager (Male) |
| 9:29 | Create | Villager (Male) |
| 9:33 | Research | Horse Collar |
| 9:33 | Research | Horse Collar |
| 9:43 | Build | Palisade Wall |
| 9:44 | Build | Palisade Wall |
| 9:46 | Build | Palisade Wall |
| 10:04 | Create | Scout Cavalry |
| 10:15 | Create | Villager (Male) |
| 10:21 | Build | Farm |
| 10:23 | Build | Farm |
| 10:24 | Build | Farm |
| 10:45 | Build | House |
| 10:46 | Create | Villager (Male) |
| 10:54 | Build | Palisade Wall |
| 10:58 | Create | Scout Cavalry |
| 11:07 | Build | Farm |
| 11:13 | Build | House |
| 11:29 | Create | Scout Cavalry |
| 11:33 | Build | Farm |
| 11:34 | Create | Villager (Male) |
| 11:37 | Build | House |
| 11:55 | Create | Villager (Male) |
| 12:14 | Create | Villager (Male) |
| 12:16 | Build | Farm |
| 12:34 | Create | Spearman |
| 12:34 | Create | Spearman |
| 12:38 | Build | Palisade Wall |
| 13:02 | Create | Villager (Male) |
| 13:05 | Build | Farm |
| 13:06 | Build | Farm |
| 13:14 | Create | Spearman |
| 13:16 | Create | Villager (Male) |
| 13:20 | Build | Stone Wall |
| 13:30 | Create | Villager (Male) |
| 13:47 | Create | Spearman |
| 13:48 | Create | Villager (Male) |
| 14:07 | Create | Villager (Male) |
| 14:09 | Build | Farm |
| 14:10 | Build | Farm |
| 14:27 | Build | Gate |
| 14:33 | Create | Spearman |
| 14:41 | Create | Villager (Male) |
| 14:47 | Build | Farm |
| 14:58 | Create | Spearman |
| 15:14 | Create | Villager (Male) |
| 16:07 | Create | Villager (Male) |
| 16:11 | Build | Mining Camp |
| 16:25 | Create | Villager (Male) |
| 16:49 | Build | Farm |
| 17:05 | Build | House |
| 17:10 | Build | Farm |
| 17:10 | Create | Villager (Male) |
| 17:43 | Create | Villager (Male) |
| 17:50 | Research | Wheelbarrow |
| 17:58 | Build | Blacksmith |
| 18:02 | Build | House |
| 18:34 | Build | Lumber Camp |
| 18:50 | Build | House |
| 18:59 | Research | Castle Age |
| 18:59 | Research | Castle Age |
| 19:04 | Build | Farm |
| 19:35 | Build | Mining Camp |
| 20:07 | Build | Farm |
| 20:32 | Build | Farm |
| 21:31 | Build | Stone Wall |
| 21:38 | Create | Villager (Male) |
| 21:45 | Age | Castle Age |
| 21:47 | Research | Bow Saw |
| 21:48 | Research | Bow Saw |
| 21:56 | Build | Town Center |
| 22:20 | Build | Palisade Wall |
| 22:22 | Build | Palisade Wall |
| 22:23 | Build | Palisade Wall |
| 22:25 | Build | Palisade Wall |
| 23:05 | Create | Villager (Male) |
| 23:06 | Create | Villager (Male) |
| 23:25 | Create | Villager (Male) |
| 23:29 | Build | Town Center |
| 23:57 | Build | Stone Wall |
| 24:17 | Create | Villager (Male) |
| 24:18 | Create | Villager (Male) |
| 24:30 | Build | Gate |
| 24:55 | Create | Villager (Male) |
| 24:56 | Create | Villager (Male) |
| 24:59 | Build | Farm |
| 24:59 | Build | Farm |
| 24:59 | Build | Farm |
| 25:02 | Research | Heavy Plow |
| 25:02 | Research | Heavy Plow |
| 25:26 | Create | Villager (Male) |
| 25:27 | Create | Villager (Male) |
| 25:27 | Create | Villager (Male) |
| 25:28 | Create | Villager (Male) |
| 25:33 | Build | Town Center |
Match timeline
| 4:54 | Scogx · wall_segment Palisade Wall x1 |
| 6:18 | Sói · wall_segment Palisade Wall x1 |
| 6:22 | Sói · wall_segment Palisade Wall x1 |
| 6:24 | Sói · wall_segment Palisade Wall x1 |
| 6:26 | Sói · wall_segment Palisade Wall x1 |
| 6:41 | Snow_Boss · first_building Barracks |
| 6:58 | Sói · first_building Barracks |
| 7:02 | Nyanko · first_building Barracks |
| 7:38 | Snow_Boss · age_up feudal |
| 7:41 | Sói · age_up feudal |
| 7:41 | Snow_Boss · first_building Stable |
| 7:55 | Sói · first_building Stable |
| 8:07 | Nyanko · age_up feudal |
| 8:08 | Nyanko · first_building Stable |
| 8:34 | Sói · wall_segment Palisade Wall x1 |
| 8:36 | Sói · wall_segment Palisade Wall x1 |
| 8:38 | Sói · wall_segment Palisade Wall x1 |
| 8:41 | Sói · wall_segment Palisade Wall x1 |
| 9:05 | Sói · wall_segment Palisade Wall x9 |
| 9:43 | Sói · wall_segment Palisade Wall x1 |
| 9:44 | Sói · wall_segment Palisade Wall x1 |
| 9:46 | Sói · wall_segment Palisade Wall x1 |
| 10:01 | Scogx · age_up feudal |
| 10:33 | 家豪豪 · age_up feudal |
| 10:54 | Sói · wall_segment Palisade Wall x14 |
| 10:56 | Ainz_Own_Goal · age_up feudal |
| 11:13 | 岁月淹及 · age_up feudal |
| 12:13 | Bangputys · age_up feudal |
| 12:38 | Sói · wall_segment Palisade Wall x1 |
| 13:19 | Scogx · age_up castle |
| 13:20 | Sói · wall_segment Stone Wall x25 |
| 14:16 | 家豪豪 · age_up castle |
| 14:26 | Scogx · first_market_buy 100 food |
| 14:52 | Ainz_Own_Goal · age_up castle |
| 15:19 | 岁月淹及 · age_up castle |
| 15:26 | Ainz_Own_Goal · first_market_buy 100 stone |
| 16:02 | Bangputys · age_up castle |
| 16:10 | Bangputys · first_market_buy 100 stone |
| 16:41 | Bangputys · first_building Castle |
| 17:03 | 家豪豪 · first_market_buy 100 food |
| 17:20 | Snow_Boss · wall_segment Stone Wall x11 |
| 17:37 | 家豪豪 · first_building Monastery |
| 17:51 | 岁月淹及 · first_market_buy 100 food |
| 18:40 | Nyanko · age_up castle |
| 18:48 | 家豪豪 · first_market_sell 100 wood |
| 19:11 | Snow_Boss · age_up castle |
| 19:20 | Nyanko · first_building Monastery |
| 20:26 | Nyanko · first_building Archery Range |
| 21:31 | Sói · wall_segment Stone Wall x4 |
| 21:45 | Sói · age_up castle |
| 22:20 | Sói · wall_segment Palisade Wall x1 |
| 22:22 | Sói · wall_segment Palisade Wall x1 |
| 22:23 | Sói · wall_segment Palisade Wall x1 |
| 22:25 | Sói · wall_segment Palisade Wall x1 |
| 22:40 | Ainz_Own_Goal · first_building Monastery |
| 23:34 | Ainz_Own_Goal · first_building Barracks |
| 23:57 | Sói · wall_segment Stone Wall x16 |
| 24:52 | Ainz_Own_Goal · first_building Siege Workshop |
| 25:39 | Scogx · first_building Monastery |
| 25:39 | Snow_Boss · first_building Castle |
| 26:03 | 岁月淹及 · first_building Monastery |
| 26:21 | Ainz_Own_Goal · first_building Castle |
| 26:26 | 家豪豪 · first_building Castle |
| 26:46 | Ainz_Own_Goal · first_market_sell 100 wood |
| 26:51 | Scogx · first_market_sell 100 wood |
| 27:29 | Sói · first_building Siege Workshop |
| 27:30 | Nyanko · first_market_sell 100 wood |
| 27:55 | 岁月淹及 · first_building Castle |
| 28:10 | Scogx · first_building Castle |
| 28:12 | 岁月淹及 · first_building Barracks |
| 28:29 | 岁月淹及 · first_building Siege Workshop |
| 29:22 | Snow_Boss · wall_segment Stone Wall x10 |
| 29:32 | Snow_Boss · first_building Siege Workshop |
| 29:36 | Ainz_Own_Goal · age_up imperial |
| 29:42 | Scogx · age_up imperial |
| 29:50 | 岁月淹及 · age_up imperial |
| 29:57 | Snow_Boss · first_market_sell 100 food |
| 30:04 | 家豪豪 · first_building Barracks |
| 30:06 | 家豪豪 · first_building Siege Workshop |
| 30:43 | Sói · wall_segment Stone Wall x23 |
| 30:48 | 家豪豪 · first_building Stable |
| 31:11 | 家豪豪 · age_up imperial |
| 31:26 | Nyanko · age_up imperial |
| 31:33 | Snow_Boss · age_up imperial |
| 32:02 | Sói · age_up imperial |
| 33:27 | Sói · first_building Castle |
| 33:36 | Scogx · first_building Barracks |
| 34:07 | Bangputys · first_market_sell 100 food |
| 34:16 | Scogx · first_building Stable |
| 34:20 | 岁月淹及 · first_market_sell 100 wood |
| 36:03 | Snow_Boss · first_market_buy 100 wood |
| 36:04 | Bangputys · first_building Barracks |
| 36:46 | Scogx · tribute_sent a jugador 1 |
| 36:46 | Scogx · tribute_sent a jugador 2 |
| 36:46 | Scogx · tribute_sent a jugador 3 |
| 36:46 | Scogx · tribute_sent a jugador 4 |
| 36:46 | Scogx · tribute_sent a jugador 5 |
| 36:46 | Scogx · tribute_sent a jugador 7 |
| 36:46 | Scogx · tribute_sent a jugador 8 |
| 37:23 | Bangputys · age_up imperial |
| 38:35 | Nyanko · first_building Castle |
| 40:20 | Bangputys · first_building Archery Range |
| 40:52 | Bangputys · tribute_sent a jugador 1 |
| 40:52 | Bangputys · tribute_sent a jugador 3 |
| 40:52 | Bangputys · tribute_sent a jugador 4 |
| 40:52 | Bangputys · tribute_sent a jugador 5 |
| 40:52 | Bangputys · tribute_sent a jugador 6 |
| 40:52 | Bangputys · tribute_sent a jugador 7 |
| 40:52 | Bangputys · tribute_sent a jugador 8 |
| 42:36 | Snow_Boss · first_building Archery Range |
| 43:41 | Nyanko · first_market_buy 100 food |
| 44:23 | 家豪豪 · tribute_sent a jugador 2 |
| 44:23 | 家豪豪 · tribute_sent a jugador 3 |
| 44:23 | 家豪豪 · tribute_sent a jugador 4 |
| 44:23 | 家豪豪 · tribute_sent a jugador 5 |
| 44:23 | 家豪豪 · tribute_sent a jugador 6 |
| 44:23 | 家豪豪 · tribute_sent a jugador 7 |
| 44:23 | 家豪豪 · tribute_sent a jugador 8 |
| 44:47 | 岁月淹及 · tribute_sent a jugador 1 |
| 44:47 | 岁月淹及 · tribute_sent a jugador 2 |
| 44:47 | 岁月淹及 · tribute_sent a jugador 4 |
| 44:47 | 岁月淹及 · tribute_sent a jugador 5 |
| 44:47 | 岁月淹及 · tribute_sent a jugador 6 |
| 44:47 | 岁月淹及 · tribute_sent a jugador 7 |
| 44:47 | 岁月淹及 · tribute_sent a jugador 8 |
| 45:22 | 岁月淹及 · tribute_sent a jugador 1 |
| 45:22 | 岁月淹及 · tribute_sent a jugador 2 |
| 45:22 | 岁月淹及 · tribute_sent a jugador 4 |
| 45:22 | 岁月淹及 · tribute_sent a jugador 5 |
| 45:22 | 岁月淹及 · tribute_sent a jugador 6 |
| 45:22 | 岁月淹及 · tribute_sent a jugador 7 |
| 45:22 | 岁月淹及 · tribute_sent a jugador 8 |
| 45:57 | Bangputys · tribute_sent a jugador 1 |
| 45:57 | Bangputys · tribute_sent a jugador 3 |
| 45:57 | Bangputys · tribute_sent a jugador 4 |
| 45:57 | Bangputys · tribute_sent a jugador 5 |
| 45:57 | Bangputys · tribute_sent a jugador 6 |
| 45:57 | Bangputys · tribute_sent a jugador 7 |
| 45:57 | Bangputys · tribute_sent a jugador 8 |
| 46:10 | Bangputys · tribute_sent a jugador 1 |
| 46:10 | Bangputys · tribute_sent a jugador 3 |
| 46:10 | Bangputys · tribute_sent a jugador 4 |
| 46:10 | Bangputys · tribute_sent a jugador 5 |
| 46:10 | Bangputys · tribute_sent a jugador 6 |
| 46:10 | Bangputys · tribute_sent a jugador 7 |
| 46:10 | Bangputys · tribute_sent a jugador 8 |
| 46:11 | Ainz_Own_Goal · tribute_sent a jugador 1 |
| 46:11 | Ainz_Own_Goal · tribute_sent a jugador 2 |
| 46:11 | Ainz_Own_Goal · tribute_sent a jugador 3 |
| 46:11 | Ainz_Own_Goal · tribute_sent a jugador 5 |
| 46:11 | Ainz_Own_Goal · tribute_sent a jugador 6 |
| 46:11 | Ainz_Own_Goal · tribute_sent a jugador 7 |
| 46:11 | Ainz_Own_Goal · tribute_sent a jugador 8 |
| 46:48 | Bangputys · tribute_sent a jugador 1 |
| 46:48 | Bangputys · tribute_sent a jugador 3 |
| 46:48 | Bangputys · tribute_sent a jugador 4 |
| 46:48 | Bangputys · tribute_sent a jugador 5 |
| 46:48 | Bangputys · tribute_sent a jugador 6 |
| 46:48 | Bangputys · tribute_sent a jugador 7 |
| 46:48 | Bangputys · tribute_sent a jugador 8 |
| 47:09 | 家豪豪 · tribute_sent a jugador 2 |
| 47:09 | 家豪豪 · tribute_sent a jugador 3 |
| 47:09 | 家豪豪 · tribute_sent a jugador 4 |
| 47:09 | 家豪豪 · tribute_sent a jugador 5 |
| 47:09 | 家豪豪 · tribute_sent a jugador 6 |
| 47:09 | 家豪豪 · tribute_sent a jugador 7 |
| 47:09 | 家豪豪 · tribute_sent a jugador 8 |
| 47:29 | Bangputys · tribute_sent a jugador 1 |
| 47:29 | Bangputys · tribute_sent a jugador 3 |
| 47:29 | Bangputys · tribute_sent a jugador 4 |
| 47:29 | Bangputys · tribute_sent a jugador 5 |
| 47:29 | Bangputys · tribute_sent a jugador 6 |
| 47:29 | Bangputys · tribute_sent a jugador 7 |
| 47:29 | Bangputys · tribute_sent a jugador 8 |
| 47:34 | 岁月淹及 · tribute_sent a jugador 1 |
| 47:34 | 岁月淹及 · tribute_sent a jugador 2 |
| 47:34 | 岁月淹及 · tribute_sent a jugador 4 |
| 47:34 | 岁月淹及 · tribute_sent a jugador 5 |
| 47:34 | 岁月淹及 · tribute_sent a jugador 6 |
| 47:34 | 岁月淹及 · tribute_sent a jugador 7 |
| 47:34 | 岁月淹及 · tribute_sent a jugador 8 |
| 48:38 | Bangputys · first_building Siege Workshop |
| 49:05 | Bangputys · tribute_sent a jugador 1 |
| 49:05 | Bangputys · tribute_sent a jugador 3 |
| 49:05 | Bangputys · tribute_sent a jugador 4 |
| 49:05 | Bangputys · tribute_sent a jugador 5 |
| 49:05 | Bangputys · tribute_sent a jugador 6 |
| 49:05 | Bangputys · tribute_sent a jugador 7 |
| 49:05 | Bangputys · tribute_sent a jugador 8 |
| 49:26 | 岁月淹及 · tribute_sent a jugador 1 |
| 49:26 | 岁月淹及 · tribute_sent a jugador 2 |
| 49:26 | 岁月淹及 · tribute_sent a jugador 4 |
| 49:26 | 岁月淹及 · tribute_sent a jugador 5 |
| 49:26 | 岁月淹及 · tribute_sent a jugador 6 |
| 49:26 | 岁月淹及 · tribute_sent a jugador 7 |
| 49:26 | 岁月淹及 · tribute_sent a jugador 8 |
| 50:19 | Bangputys · tribute_sent a jugador 1 |
| 50:19 | Bangputys · tribute_sent a jugador 3 |
| 50:19 | Bangputys · tribute_sent a jugador 4 |
| 50:19 | Bangputys · tribute_sent a jugador 5 |
| 50:19 | Bangputys · tribute_sent a jugador 6 |
| 50:19 | Bangputys · tribute_sent a jugador 7 |
| 50:19 | Bangputys · tribute_sent a jugador 8 |
| 50:41 | 岁月淹及 · tribute_sent a jugador 1 |
| 50:41 | 岁月淹及 · tribute_sent a jugador 2 |
| 50:41 | 岁月淹及 · tribute_sent a jugador 4 |
| 50:41 | 岁月淹及 · tribute_sent a jugador 5 |
| 50:41 | 岁月淹及 · tribute_sent a jugador 6 |
| 50:41 | 岁月淹及 · tribute_sent a jugador 7 |
| 50:41 | 岁月淹及 · tribute_sent a jugador 8 |
| 51:01 | Bangputys · tribute_sent a jugador 1 |
| 51:01 | Bangputys · tribute_sent a jugador 3 |
| 51:01 | Bangputys · tribute_sent a jugador 4 |
| 51:01 | Bangputys · tribute_sent a jugador 5 |
| 51:01 | Bangputys · tribute_sent a jugador 6 |
| 51:01 | Bangputys · tribute_sent a jugador 7 |
| 51:01 | Bangputys · tribute_sent a jugador 8 |
| 52:14 | Bangputys · first_building Stable |
| 52:24 | 岁月淹及 · tribute_sent a jugador 1 |
| 52:24 | 岁月淹及 · tribute_sent a jugador 2 |
| 52:24 | 岁月淹及 · tribute_sent a jugador 4 |
| 52:24 | 岁月淹及 · tribute_sent a jugador 5 |
| 52:24 | 岁月淹及 · tribute_sent a jugador 6 |
| 52:24 | 岁月淹及 · tribute_sent a jugador 7 |
| 52:24 | 岁月淹及 · tribute_sent a jugador 8 |
| 53:18 | Sói · first_building Monastery |
| 54:12 | 岁月淹及 · tribute_sent a jugador 1 |
| 54:12 | 岁月淹及 · tribute_sent a jugador 2 |
| 54:12 | 岁月淹及 · tribute_sent a jugador 4 |
| 54:12 | 岁月淹及 · tribute_sent a jugador 5 |
| 54:13 | 岁月淹及 · tribute_sent a jugador 6 |
| 54:13 | 岁月淹及 · tribute_sent a jugador 7 |
| 54:13 | 岁月淹及 · tribute_sent a jugador 8 |
| 54:42 | Bangputys · tribute_sent a jugador 1 |
| 54:42 | Bangputys · tribute_sent a jugador 3 |
| 54:42 | Bangputys · tribute_sent a jugador 4 |
| 54:42 | Bangputys · tribute_sent a jugador 5 |
| 54:42 | Bangputys · tribute_sent a jugador 6 |
| 54:42 | Bangputys · tribute_sent a jugador 7 |
| 54:42 | Bangputys · tribute_sent a jugador 8 |
| 56:06 | 岁月淹及 · tribute_sent a jugador 1 |
| 56:06 | 岁月淹及 · tribute_sent a jugador 2 |
| 56:06 | 岁月淹及 · tribute_sent a jugador 4 |
| 56:06 | 岁月淹及 · tribute_sent a jugador 5 |
| 56:06 | 岁月淹及 · tribute_sent a jugador 6 |
| 56:06 | 岁月淹及 · tribute_sent a jugador 7 |
| 56:06 | 岁月淹及 · tribute_sent a jugador 8 |
| 57:37 | 岁月淹及 · tribute_sent a jugador 1 |
| 57:37 | 岁月淹及 · tribute_sent a jugador 2 |
| 57:37 | 岁月淹及 · tribute_sent a jugador 4 |
| 57:37 | 岁月淹及 · tribute_sent a jugador 5 |
| 57:37 | 岁月淹及 · tribute_sent a jugador 6 |
| 57:37 | 岁月淹及 · tribute_sent a jugador 7 |
| 57:37 | 岁月淹及 · tribute_sent a jugador 8 |
| 59:28 | 岁月淹及 · tribute_sent a jugador 1 |
| 59:28 | 岁月淹及 · tribute_sent a jugador 2 |
| 59:28 | 岁月淹及 · tribute_sent a jugador 4 |
| 59:28 | 岁月淹及 · tribute_sent a jugador 5 |
| 59:28 | 岁月淹及 · tribute_sent a jugador 6 |
| 59:28 | 岁月淹及 · tribute_sent a jugador 7 |
| 59:28 | 岁月淹及 · tribute_sent a jugador 8 |
| 60:04 | 家豪豪 · tribute_sent a jugador 2 |
| 60:04 | 家豪豪 · tribute_sent a jugador 3 |
| 60:04 | 家豪豪 · tribute_sent a jugador 4 |
| 60:04 | 家豪豪 · tribute_sent a jugador 5 |
| 60:04 | 家豪豪 · tribute_sent a jugador 6 |
| 60:04 | 家豪豪 · tribute_sent a jugador 7 |
| 60:04 | 家豪豪 · tribute_sent a jugador 8 |
| 60:36 | Bangputys · tribute_sent a jugador 1 |
| 60:36 | Bangputys · tribute_sent a jugador 3 |
| 60:36 | Bangputys · tribute_sent a jugador 4 |
| 60:36 | Bangputys · tribute_sent a jugador 5 |
| 60:36 | Bangputys · tribute_sent a jugador 6 |
| 60:36 | Bangputys · tribute_sent a jugador 7 |
| 60:36 | Bangputys · tribute_sent a jugador 8 |
| 62:09 | 岁月淹及 · tribute_sent a jugador 1 |
| 62:09 | 岁月淹及 · tribute_sent a jugador 2 |
| 62:09 | 岁月淹及 · tribute_sent a jugador 4 |
| 62:09 | 岁月淹及 · tribute_sent a jugador 5 |
| 62:09 | 岁月淹及 · tribute_sent a jugador 6 |
| 62:09 | 岁月淹及 · tribute_sent a jugador 7 |
| 62:09 | 岁月淹及 · tribute_sent a jugador 8 |
| 62:55 | 岁月淹及 · tribute_sent a jugador 1 |
| 62:55 | 岁月淹及 · tribute_sent a jugador 2 |
| 62:55 | 岁月淹及 · tribute_sent a jugador 4 |
| 62:55 | 岁月淹及 · tribute_sent a jugador 5 |
| 62:55 | 岁月淹及 · tribute_sent a jugador 6 |
| 62:55 | 岁月淹及 · tribute_sent a jugador 7 |
| 62:55 | 岁月淹及 · tribute_sent a jugador 8 |
| 63:53 | Scogx · tribute_sent a jugador 1 |
| 63:53 | Scogx · tribute_sent a jugador 2 |
| 63:53 | Scogx · tribute_sent a jugador 3 |
| 63:53 | Scogx · tribute_sent a jugador 4 |
| 63:53 | Scogx · tribute_sent a jugador 5 |
| 63:53 | Scogx · tribute_sent a jugador 7 |
| 63:53 | Scogx · tribute_sent a jugador 8 |
| 65:15 | Bangputys · tribute_sent a jugador 1 |
| 65:15 | Bangputys · tribute_sent a jugador 3 |
| 65:15 | Bangputys · tribute_sent a jugador 4 |
| 65:15 | Bangputys · tribute_sent a jugador 5 |
| 65:15 | Bangputys · tribute_sent a jugador 6 |
| 65:15 | Bangputys · tribute_sent a jugador 7 |
| 65:15 | Bangputys · tribute_sent a jugador 8 |
| 65:41 | Sói · tribute_sent a jugador 1 |
| 65:41 | Sói · tribute_sent a jugador 2 |
| 65:41 | Sói · tribute_sent a jugador 3 |
| 65:41 | Sói · tribute_sent a jugador 4 |
| 65:41 | Sói · tribute_sent a jugador 5 |
| 65:41 | Sói · tribute_sent a jugador 6 |
| 65:41 | Sói · tribute_sent a jugador 7 |
| 66:23 | Sói · tribute_sent a jugador 1 |
| 66:23 | Sói · tribute_sent a jugador 2 |
| 66:23 | Sói · tribute_sent a jugador 3 |
| 66:23 | Sói · tribute_sent a jugador 4 |
| 66:23 | Sói · tribute_sent a jugador 5 |
| 66:23 | Sói · tribute_sent a jugador 6 |
| 66:23 | Sói · tribute_sent a jugador 7 |
| 66:27 | Scogx · tribute_sent a jugador 1 |
| 66:27 | Scogx · tribute_sent a jugador 2 |
| 66:27 | Scogx · tribute_sent a jugador 3 |
| 66:27 | Scogx · tribute_sent a jugador 4 |
| 66:27 | Scogx · tribute_sent a jugador 5 |
| 66:27 | Scogx · tribute_sent a jugador 7 |
| 66:27 | Scogx · tribute_sent a jugador 8 |
| 67:07 | 家豪豪 · tribute_sent a jugador 2 |
| 67:07 | 家豪豪 · tribute_sent a jugador 3 |
| 67:07 | 家豪豪 · tribute_sent a jugador 4 |
| 67:07 | 家豪豪 · tribute_sent a jugador 5 |
| 67:07 | 家豪豪 · tribute_sent a jugador 6 |
| 67:07 | 家豪豪 · tribute_sent a jugador 7 |
| 67:07 | 家豪豪 · tribute_sent a jugador 8 |
| 67:18 | 家豪豪 · tribute_sent a jugador 2 |
| 67:18 | 家豪豪 · tribute_sent a jugador 3 |
| 67:18 | 家豪豪 · tribute_sent a jugador 4 |
| 67:18 | 家豪豪 · tribute_sent a jugador 5 |
| 67:19 | 家豪豪 · tribute_sent a jugador 6 |
| 67:19 | 家豪豪 · tribute_sent a jugador 7 |
| 67:19 | 家豪豪 · tribute_sent a jugador 8 |
| 67:57 | Sói · tribute_sent a jugador 1 |
| 67:57 | Sói · tribute_sent a jugador 2 |
| 67:57 | Sói · tribute_sent a jugador 3 |
| 67:57 | Sói · tribute_sent a jugador 4 |
| 67:57 | Sói · tribute_sent a jugador 5 |
| 67:57 | Sói · tribute_sent a jugador 6 |
| 67:57 | Sói · tribute_sent a jugador 7 |
| 69:31 | 家豪豪 · tribute_sent a jugador 2 |
| 69:31 | 家豪豪 · tribute_sent a jugador 3 |
| 69:31 | 家豪豪 · tribute_sent a jugador 4 |
| 69:31 | 家豪豪 · tribute_sent a jugador 5 |
| 69:31 | 家豪豪 · tribute_sent a jugador 6 |
| 69:31 | 家豪豪 · tribute_sent a jugador 7 |
| 69:31 | 家豪豪 · tribute_sent a jugador 8 |
| 71:27 | 岁月淹及 · tribute_sent a jugador 1 |
| 71:27 | 岁月淹及 · tribute_sent a jugador 2 |
| 71:27 | 岁月淹及 · tribute_sent a jugador 4 |
| 71:27 | 岁月淹及 · tribute_sent a jugador 5 |
| 71:27 | 岁月淹及 · tribute_sent a jugador 6 |
| 71:27 | 岁月淹及 · tribute_sent a jugador 7 |
| 71:27 | 岁月淹及 · tribute_sent a jugador 8 |
| 71:46 | 岁月淹及 · tribute_sent a jugador 1 |
| 71:46 | 岁月淹及 · tribute_sent a jugador 2 |
| 71:46 | 岁月淹及 · tribute_sent a jugador 4 |
| 71:46 | 岁月淹及 · tribute_sent a jugador 5 |
| 71:46 | 岁月淹及 · tribute_sent a jugador 6 |
| 71:46 | 岁月淹及 · tribute_sent a jugador 7 |
| 71:46 | 岁月淹及 · tribute_sent a jugador 8 |
| 73:02 | 岁月淹及 · tribute_sent a jugador 1 |
| 73:02 | 岁月淹及 · tribute_sent a jugador 2 |
| 73:02 | 岁月淹及 · tribute_sent a jugador 4 |
| 73:02 | 岁月淹及 · tribute_sent a jugador 5 |
| 73:02 | 岁月淹及 · tribute_sent a jugador 6 |
| 73:02 | 岁月淹及 · tribute_sent a jugador 7 |
| 73:02 | 岁月淹及 · tribute_sent a jugador 8 |
| 73:03 | 家豪豪 · tribute_sent a jugador 2 |
| 73:03 | 家豪豪 · tribute_sent a jugador 3 |
| 73:03 | 家豪豪 · tribute_sent a jugador 4 |
| 73:03 | 家豪豪 · tribute_sent a jugador 5 |
| 73:03 | 家豪豪 · tribute_sent a jugador 6 |
| 73:03 | 家豪豪 · tribute_sent a jugador 7 |
| 73:03 | 家豪豪 · tribute_sent a jugador 8 |
| 75:19 | Bangputys · tribute_sent a jugador 1 |
| 75:19 | Bangputys · tribute_sent a jugador 3 |
| 75:19 | Bangputys · tribute_sent a jugador 4 |
| 75:19 | Bangputys · tribute_sent a jugador 5 |
| 75:19 | Bangputys · tribute_sent a jugador 6 |
| 75:19 | Bangputys · tribute_sent a jugador 7 |
| 75:19 | Bangputys · tribute_sent a jugador 8 |
| 75:19 | Nyanko · first_building Siege Workshop |
| 75:21 | 岁月淹及 · tribute_sent a jugador 1 |
| 75:21 | 岁月淹及 · tribute_sent a jugador 2 |
| 75:21 | 岁月淹及 · tribute_sent a jugador 4 |
| 75:21 | 岁月淹及 · tribute_sent a jugador 5 |
| 75:21 | 岁月淹及 · tribute_sent a jugador 6 |
| 75:21 | 岁月淹及 · tribute_sent a jugador 7 |
| 75:21 | 岁月淹及 · tribute_sent a jugador 8 |
| 75:58 | 岁月淹及 · tribute_sent a jugador 1 |
| 75:58 | 岁月淹及 · tribute_sent a jugador 2 |
| 75:58 | 岁月淹及 · tribute_sent a jugador 4 |
| 75:58 | 岁月淹及 · tribute_sent a jugador 5 |
| 75:58 | 岁月淹及 · tribute_sent a jugador 6 |
| 75:58 | 岁月淹及 · tribute_sent a jugador 7 |
| 75:58 | 岁月淹及 · tribute_sent a jugador 8 |
| 76:15 | Sói · tribute_sent a jugador 1 |
| 76:15 | Sói · tribute_sent a jugador 2 |
| 76:15 | Sói · tribute_sent a jugador 3 |
| 76:15 | Sói · tribute_sent a jugador 4 |
| 76:15 | Sói · tribute_sent a jugador 5 |
| 76:15 | Sói · tribute_sent a jugador 6 |
| 76:15 | Sói · tribute_sent a jugador 7 |
| 79:10 | Snow_Boss · tribute_sent a jugador 1 |
| 79:10 | Snow_Boss · tribute_sent a jugador 2 |
| 79:10 | Snow_Boss · tribute_sent a jugador 3 |
| 79:10 | Snow_Boss · tribute_sent a jugador 4 |
| 79:10 | Snow_Boss · tribute_sent a jugador 5 |
| 79:10 | Snow_Boss · tribute_sent a jugador 6 |
| 79:10 | Snow_Boss · tribute_sent a jugador 8 |
| 79:21 | Sói · tribute_sent a jugador 1 |
| 79:21 | Sói · tribute_sent a jugador 2 |
| 79:21 | Sói · tribute_sent a jugador 3 |
| 79:21 | Sói · tribute_sent a jugador 4 |
| 79:21 | Sói · tribute_sent a jugador 5 |
| 79:21 | Sói · tribute_sent a jugador 6 |
| 79:21 | Sói · tribute_sent a jugador 7 |
| 79:42 | 岁月淹及 · tribute_sent a jugador 1 |
| 79:42 | 岁月淹及 · tribute_sent a jugador 2 |
| 79:42 | 岁月淹及 · tribute_sent a jugador 4 |
| 79:42 | 岁月淹及 · tribute_sent a jugador 5 |
| 79:42 | 岁月淹及 · tribute_sent a jugador 6 |
| 79:42 | 岁月淹及 · tribute_sent a jugador 7 |
| 79:42 | 岁月淹及 · tribute_sent a jugador 8 |
| 80:48 | 家豪豪 · wall_segment Stone Wall x6 |
| 81:20 | Nyanko · tribute_sent a jugador 1 |
| 81:20 | Nyanko · tribute_sent a jugador 2 |
| 81:20 | Nyanko · tribute_sent a jugador 3 |
| 81:20 | Nyanko · tribute_sent a jugador 4 |
| 81:20 | Nyanko · tribute_sent a jugador 6 |
| 81:20 | Nyanko · tribute_sent a jugador 7 |
| 81:20 | Nyanko · tribute_sent a jugador 8 |
| 82:25 | 家豪豪 · wall_segment Stone Wall x4 |
| 82:27 | 家豪豪 · wall_segment Stone Wall x1 |
| 83:29 | Scogx · tribute_sent a jugador 1 |
| 83:29 | Scogx · tribute_sent a jugador 2 |
| 83:29 | Scogx · tribute_sent a jugador 3 |
| 83:29 | Scogx · tribute_sent a jugador 4 |
| 83:29 | Scogx · tribute_sent a jugador 5 |
| 83:29 | Scogx · tribute_sent a jugador 7 |
| 83:29 | Scogx · tribute_sent a jugador 8 |
| 83:39 | Nyanko · tribute_sent a jugador 1 |
| 83:39 | Nyanko · tribute_sent a jugador 2 |
| 83:39 | Nyanko · tribute_sent a jugador 3 |
| 83:39 | Nyanko · tribute_sent a jugador 4 |
| 83:39 | Nyanko · tribute_sent a jugador 6 |
| 83:39 | Nyanko · tribute_sent a jugador 7 |
| 83:39 | Nyanko · tribute_sent a jugador 8 |
| 83:40 | Snow_Boss · tribute_sent a jugador 1 |
| 83:40 | Snow_Boss · tribute_sent a jugador 2 |
| 83:40 | Snow_Boss · tribute_sent a jugador 3 |
| 83:40 | Snow_Boss · tribute_sent a jugador 4 |
| 83:40 | Snow_Boss · tribute_sent a jugador 5 |
| 83:40 | Snow_Boss · tribute_sent a jugador 6 |
| 83:40 | Snow_Boss · tribute_sent a jugador 8 |
| 83:41 | 家豪豪 · tribute_sent a jugador 2 |
| 83:41 | 家豪豪 · tribute_sent a jugador 3 |
| 83:41 | 家豪豪 · tribute_sent a jugador 4 |
| 83:41 | 家豪豪 · tribute_sent a jugador 5 |
| 83:41 | 家豪豪 · tribute_sent a jugador 6 |
| 83:41 | 家豪豪 · tribute_sent a jugador 7 |
| 83:41 | 家豪豪 · tribute_sent a jugador 8 |
| 83:55 | Bangputys · tribute_sent a jugador 1 |
| 83:55 | Bangputys · tribute_sent a jugador 3 |
| 83:55 | Bangputys · tribute_sent a jugador 4 |
| 83:55 | Bangputys · tribute_sent a jugador 5 |
| 83:55 | Bangputys · tribute_sent a jugador 6 |
| 83:55 | Bangputys · tribute_sent a jugador 7 |
| 83:55 | Bangputys · tribute_sent a jugador 8 |
| 84:31 | 岁月淹及 · tribute_sent a jugador 1 |
| 84:31 | 岁月淹及 · tribute_sent a jugador 2 |
| 84:31 | 岁月淹及 · tribute_sent a jugador 4 |
| 84:31 | 岁月淹及 · tribute_sent a jugador 5 |
| 84:31 | 岁月淹及 · tribute_sent a jugador 6 |
| 84:31 | 岁月淹及 · tribute_sent a jugador 7 |
| 84:31 | 岁月淹及 · tribute_sent a jugador 8 |
| 87:01 | 岁月淹及 · tribute_sent a jugador 1 |
| 87:01 | 岁月淹及 · tribute_sent a jugador 2 |
| 87:01 | 岁月淹及 · tribute_sent a jugador 4 |
| 87:01 | 岁月淹及 · tribute_sent a jugador 5 |
| 87:01 | 岁月淹及 · tribute_sent a jugador 6 |
| 87:01 | 岁月淹及 · tribute_sent a jugador 7 |
| 87:01 | 岁月淹及 · tribute_sent a jugador 8 |
| 88:00 | 岁月淹及 · tribute_sent a jugador 1 |
| 88:00 | 岁月淹及 · tribute_sent a jugador 2 |
| 88:00 | 岁月淹及 · tribute_sent a jugador 4 |
| 88:00 | 岁月淹及 · tribute_sent a jugador 5 |
| 88:00 | 岁月淹及 · tribute_sent a jugador 6 |
| 88:00 | 岁月淹及 · tribute_sent a jugador 7 |
| 88:00 | 岁月淹及 · tribute_sent a jugador 8 |
| 89:32 | 家豪豪 · wall_segment Stone Wall x3 |
| 89:36 | 家豪豪 · wall_segment Stone Wall x1 |
| 89:40 | 家豪豪 · wall_segment Stone Wall x1 |
| 90:30 | Nyanko · tribute_sent a jugador 1 |
| 90:30 | Nyanko · tribute_sent a jugador 2 |
| 90:30 | Nyanko · tribute_sent a jugador 3 |
| 90:30 | Nyanko · tribute_sent a jugador 4 |
| 90:30 | Nyanko · tribute_sent a jugador 6 |
| 90:30 | Nyanko · tribute_sent a jugador 7 |
| 90:30 | Nyanko · tribute_sent a jugador 8 |
| 90:34 | Snow_Boss · tribute_sent a jugador 1 |
| 90:34 | Snow_Boss · tribute_sent a jugador 2 |
| 90:34 | Snow_Boss · tribute_sent a jugador 3 |
| 90:34 | Snow_Boss · tribute_sent a jugador 4 |
| 90:34 | Snow_Boss · tribute_sent a jugador 5 |
| 90:34 | Snow_Boss · tribute_sent a jugador 6 |
| 90:34 | Snow_Boss · tribute_sent a jugador 8 |
| 91:10 | 家豪豪 · wall_segment Stone Wall x1 |
| 91:33 | Snow_Boss · wall_segment Stone Wall x16 |
| 92:24 | Ainz_Own_Goal · wall_segment Palisade Wall x1 |
| 92:37 | 岁月淹及 · tribute_sent a jugador 1 |
| 92:37 | 岁月淹及 · tribute_sent a jugador 2 |
| 92:37 | 岁月淹及 · tribute_sent a jugador 4 |
| 92:37 | 岁月淹及 · tribute_sent a jugador 5 |
| 92:37 | 岁月淹及 · tribute_sent a jugador 6 |
| 92:37 | 岁月淹及 · tribute_sent a jugador 7 |
| 92:37 | 岁月淹及 · tribute_sent a jugador 8 |
| 95:26 | 岁月淹及 · tribute_sent a jugador 1 |
| 95:26 | 岁月淹及 · tribute_sent a jugador 2 |
| 95:26 | 岁月淹及 · tribute_sent a jugador 4 |
| 95:26 | 岁月淹及 · tribute_sent a jugador 5 |
| 95:26 | 岁月淹及 · tribute_sent a jugador 6 |
| 95:26 | 岁月淹及 · tribute_sent a jugador 7 |
| 95:26 | 岁月淹及 · tribute_sent a jugador 8 |
| 95:44 | 家豪豪 · tribute_sent a jugador 2 |
| 95:44 | 家豪豪 · tribute_sent a jugador 3 |
| 95:44 | 家豪豪 · tribute_sent a jugador 4 |
| 95:44 | 家豪豪 · tribute_sent a jugador 5 |
| 95:44 | 家豪豪 · tribute_sent a jugador 6 |
| 95:44 | 家豪豪 · tribute_sent a jugador 7 |
| 95:44 | 家豪豪 · tribute_sent a jugador 8 |
| 96:46 | Ainz_Own_Goal · tribute_sent a jugador 1 |
| 96:46 | Ainz_Own_Goal · tribute_sent a jugador 2 |
| 96:46 | Ainz_Own_Goal · tribute_sent a jugador 3 |
| 96:46 | Ainz_Own_Goal · tribute_sent a jugador 5 |
| 96:46 | Ainz_Own_Goal · tribute_sent a jugador 6 |
| 96:46 | Ainz_Own_Goal · tribute_sent a jugador 7 |
| 96:46 | Ainz_Own_Goal · tribute_sent a jugador 8 |
| 97:02 | 岁月淹及 · tribute_sent a jugador 1 |
| 97:02 | 岁月淹及 · tribute_sent a jugador 2 |
| 97:02 | 岁月淹及 · tribute_sent a jugador 4 |
| 97:02 | 岁月淹及 · tribute_sent a jugador 5 |
| 97:02 | 岁月淹及 · tribute_sent a jugador 6 |
| 97:02 | 岁月淹及 · tribute_sent a jugador 7 |
| 97:02 | 岁月淹及 · tribute_sent a jugador 8 |
| 97:24 | Ainz_Own_Goal · tribute_sent a jugador 1 |
| 97:24 | Ainz_Own_Goal · tribute_sent a jugador 2 |
| 97:24 | Ainz_Own_Goal · tribute_sent a jugador 3 |
| 97:24 | Ainz_Own_Goal · tribute_sent a jugador 5 |
| 97:24 | Ainz_Own_Goal · tribute_sent a jugador 6 |
| 97:24 | Ainz_Own_Goal · tribute_sent a jugador 7 |
| 97:24 | Ainz_Own_Goal · tribute_sent a jugador 8 |
| 98:44 | Ainz_Own_Goal · wall_segment Stone Wall x8 |
| 98:49 | 岁月淹及 · tribute_sent a jugador 1 |
| 98:49 | 岁月淹及 · tribute_sent a jugador 2 |
| 98:49 | 岁月淹及 · tribute_sent a jugador 4 |
| 98:49 | 岁月淹及 · tribute_sent a jugador 5 |
| 98:49 | 岁月淹及 · tribute_sent a jugador 6 |
| 98:49 | 岁月淹及 · tribute_sent a jugador 7 |
| 98:49 | 岁月淹及 · tribute_sent a jugador 8 |
| 99:05 | 家豪豪 · tribute_sent a jugador 2 |
| 99:05 | 家豪豪 · tribute_sent a jugador 3 |
| 99:05 | 家豪豪 · tribute_sent a jugador 4 |
| 99:05 | 家豪豪 · tribute_sent a jugador 5 |
| 99:05 | 家豪豪 · tribute_sent a jugador 6 |
| 99:05 | 家豪豪 · tribute_sent a jugador 7 |
| 99:05 | 家豪豪 · tribute_sent a jugador 8 |
| 99:08 | Bangputys · tribute_sent a jugador 1 |
| 99:08 | Bangputys · tribute_sent a jugador 3 |
| 99:08 | Bangputys · tribute_sent a jugador 4 |
| 99:08 | Bangputys · tribute_sent a jugador 5 |
| 99:08 | Bangputys · tribute_sent a jugador 6 |
| 99:08 | Bangputys · tribute_sent a jugador 7 |
| 99:08 | Bangputys · tribute_sent a jugador 8 |
| 100:31 | Sói · first_building Archery Range |
| 102:20 | 岁月淹及 · tribute_sent a jugador 1 |
| 102:20 | 岁月淹及 · tribute_sent a jugador 2 |
| 102:20 | 岁月淹及 · tribute_sent a jugador 4 |
| 102:20 | 岁月淹及 · tribute_sent a jugador 5 |
| 102:20 | 岁月淹及 · tribute_sent a jugador 6 |
| 102:20 | 岁月淹及 · tribute_sent a jugador 7 |
| 102:20 | 岁月淹及 · tribute_sent a jugador 8 |
| 102:30 | 岁月淹及 · tribute_sent a jugador 1 |
| 102:30 | 岁月淹及 · tribute_sent a jugador 2 |
| 102:30 | 岁月淹及 · tribute_sent a jugador 4 |
| 102:30 | 岁月淹及 · tribute_sent a jugador 5 |
| 102:30 | 岁月淹及 · tribute_sent a jugador 6 |
| 102:30 | 岁月淹及 · tribute_sent a jugador 7 |
| 102:30 | 岁月淹及 · tribute_sent a jugador 8 |
| 102:43 | Snow_Boss · wall_segment Palisade Wall x1 |
| 102:44 | Snow_Boss · wall_segment Palisade Wall x1 |
| 104:35 | Ainz_Own_Goal · wall_segment Stone Wall x13 |
| 105:24 | 岁月淹及 · tribute_sent a jugador 1 |
| 105:24 | 岁月淹及 · tribute_sent a jugador 2 |
| 105:24 | 岁月淹及 · tribute_sent a jugador 4 |
| 105:24 | 岁月淹及 · tribute_sent a jugador 5 |
| 105:24 | 岁月淹及 · tribute_sent a jugador 6 |
| 105:24 | 岁月淹及 · tribute_sent a jugador 7 |
| 105:24 | 岁月淹及 · tribute_sent a jugador 8 |
| 106:36 | Ainz_Own_Goal · wall_segment Stone Wall x6 |
| 107:16 | 家豪豪 · tribute_sent a jugador 2 |
| 107:16 | 家豪豪 · tribute_sent a jugador 3 |
| 107:16 | 家豪豪 · tribute_sent a jugador 4 |
| 107:16 | 家豪豪 · tribute_sent a jugador 5 |
| 107:16 | 家豪豪 · tribute_sent a jugador 6 |
| 107:16 | 家豪豪 · tribute_sent a jugador 7 |
| 107:16 | 家豪豪 · tribute_sent a jugador 8 |
| 107:42 | Snow_Boss · wall_segment Palisade Wall x21 |
| 107:43 | Snow_Boss · wall_segment Palisade Wall x7 |
| 107:46 | Ainz_Own_Goal · first_building Archery Range |
| 109:26 | Ainz_Own_Goal · tribute_sent a jugador 1 |
| 109:26 | Ainz_Own_Goal · tribute_sent a jugador 2 |
| 109:26 | Ainz_Own_Goal · tribute_sent a jugador 3 |
| 109:26 | Ainz_Own_Goal · tribute_sent a jugador 5 |
| 109:26 | Ainz_Own_Goal · tribute_sent a jugador 6 |
| 109:26 | Ainz_Own_Goal · tribute_sent a jugador 7 |
| 109:26 | Ainz_Own_Goal · tribute_sent a jugador 8 |
| 110:19 | 岁月淹及 · tribute_sent a jugador 1 |
| 110:19 | 岁月淹及 · tribute_sent a jugador 2 |
| 110:19 | 岁月淹及 · tribute_sent a jugador 4 |
| 110:19 | 岁月淹及 · tribute_sent a jugador 5 |
| 110:19 | 岁月淹及 · tribute_sent a jugador 6 |
| 110:19 | 岁月淹及 · tribute_sent a jugador 7 |
| 110:19 | 岁月淹及 · tribute_sent a jugador 8 |
| 110:22 | Sói · first_market_buy 100 stone |
| 111:11 | Sói · first_market_sell 500 wood |
| 112:59 | 岁月淹及 · tribute_sent a jugador 1 |
| 112:59 | 岁月淹及 · tribute_sent a jugador 2 |
| 112:59 | 岁月淹及 · tribute_sent a jugador 4 |
| 112:59 | 岁月淹及 · tribute_sent a jugador 5 |
| 112:59 | 岁月淹及 · tribute_sent a jugador 6 |
| 112:59 | 岁月淹及 · tribute_sent a jugador 7 |
| 112:59 | 岁月淹及 · tribute_sent a jugador 8 |
| 113:56 | 岁月淹及 · tribute_sent a jugador 1 |
| 113:56 | 岁月淹及 · tribute_sent a jugador 2 |
| 113:56 | 岁月淹及 · tribute_sent a jugador 4 |
| 113:56 | 岁月淹及 · tribute_sent a jugador 5 |
| 113:56 | 岁月淹及 · tribute_sent a jugador 6 |
| 113:56 | 岁月淹及 · tribute_sent a jugador 7 |
| 113:56 | 岁月淹及 · tribute_sent a jugador 8 |
| 114:54 | Ainz_Own_Goal · wall_segment Stone Wall x6 |
| 115:02 | 岁月淹及 · tribute_sent a jugador 1 |
| 115:02 | 岁月淹及 · tribute_sent a jugador 2 |
| 115:02 | 岁月淹及 · tribute_sent a jugador 4 |
| 115:02 | 岁月淹及 · tribute_sent a jugador 5 |
| 115:02 | 岁月淹及 · tribute_sent a jugador 6 |
| 115:02 | 岁月淹及 · tribute_sent a jugador 7 |
| 115:02 | 岁月淹及 · tribute_sent a jugador 8 |
| 115:14 | Ainz_Own_Goal · wall_segment Stone Wall x8 |
| 115:52 | Ainz_Own_Goal · wall_segment Stone Wall x10 |
| 116:32 | 家豪豪 · tribute_sent a jugador 2 |
| 116:32 | 家豪豪 · tribute_sent a jugador 3 |
| 116:32 | 家豪豪 · tribute_sent a jugador 4 |
| 116:32 | 家豪豪 · tribute_sent a jugador 5 |
| 116:32 | 家豪豪 · tribute_sent a jugador 6 |
| 116:32 | 家豪豪 · tribute_sent a jugador 7 |
| 116:32 | 家豪豪 · tribute_sent a jugador 8 |
| 116:40 | Bangputys · tribute_sent a jugador 1 |
| 116:40 | Bangputys · tribute_sent a jugador 3 |
| 116:40 | Bangputys · tribute_sent a jugador 4 |
| 116:40 | Bangputys · tribute_sent a jugador 5 |
| 116:40 | Bangputys · tribute_sent a jugador 6 |
| 116:40 | Bangputys · tribute_sent a jugador 7 |
| 116:40 | Bangputys · tribute_sent a jugador 8 |
| 117:45 | Ainz_Own_Goal · wall_segment Stone Wall x1 |
| 117:49 | 岁月淹及 · tribute_sent a jugador 1 |
| 117:49 | 岁月淹及 · tribute_sent a jugador 2 |
| 117:49 | 岁月淹及 · tribute_sent a jugador 4 |
| 117:49 | 岁月淹及 · tribute_sent a jugador 5 |
| 117:49 | 岁月淹及 · tribute_sent a jugador 6 |
| 117:49 | 岁月淹及 · tribute_sent a jugador 7 |
| 117:49 | 岁月淹及 · tribute_sent a jugador 8 |
| 117:59 | Ainz_Own_Goal · wall_segment Stone Wall x11 |
| 119:43 | 岁月淹及 · tribute_sent a jugador 1 |
| 119:43 | 岁月淹及 · tribute_sent a jugador 2 |
| 119:43 | 岁月淹及 · tribute_sent a jugador 4 |
| 119:43 | 岁月淹及 · tribute_sent a jugador 5 |
| 119:43 | 岁月淹及 · tribute_sent a jugador 6 |
| 119:43 | 岁月淹及 · tribute_sent a jugador 7 |
| 119:43 | 岁月淹及 · tribute_sent a jugador 8 |
| 120:58 | 岁月淹及 · tribute_sent a jugador 1 |
| 120:58 | 岁月淹及 · tribute_sent a jugador 2 |
| 120:58 | 岁月淹及 · tribute_sent a jugador 4 |
| 120:58 | 岁月淹及 · tribute_sent a jugador 5 |
| 120:58 | 岁月淹及 · tribute_sent a jugador 6 |
| 120:58 | 岁月淹及 · tribute_sent a jugador 7 |
| 120:58 | 岁月淹及 · tribute_sent a jugador 8 |
| 123:10 | 岁月淹及 · tribute_sent a jugador 1 |
| 123:10 | 岁月淹及 · tribute_sent a jugador 2 |
| 123:10 | 岁月淹及 · tribute_sent a jugador 4 |
| 123:10 | 岁月淹及 · tribute_sent a jugador 5 |
| 123:10 | 岁月淹及 · tribute_sent a jugador 6 |
| 123:10 | 岁月淹及 · tribute_sent a jugador 7 |
| 123:10 | 岁月淹及 · tribute_sent a jugador 8 |
| 125:52 | 岁月淹及 · tribute_sent a jugador 1 |
| 125:52 | 岁月淹及 · tribute_sent a jugador 2 |
| 125:52 | 岁月淹及 · tribute_sent a jugador 4 |
| 125:52 | 岁月淹及 · tribute_sent a jugador 5 |
| 125:52 | 岁月淹及 · tribute_sent a jugador 6 |
| 125:52 | 岁月淹及 · tribute_sent a jugador 7 |
| 125:52 | 岁月淹及 · tribute_sent a jugador 8 |
| 125:57 | Nyanko · resign |
[ AI ANALYSIS · 1 CREDIT ]
What really happened in this match?
Wolo.gg analyzes every decision: build order, eco, micro, common mistakes by bracket. Personalized analysis on WhatsApp or Discord in 30 seconds.
Civ guide
Japanese
Perfil
Jugador #24876726